 Dungeon Crawl Stone Soup version 0.30-a0-168-g0b976cbdc4 (webtiles) character file.

Game seed: 3249386296129870376

272685 qw the Peltast (level 20, -7/134 HPs)
             Began as a Gargoyle Fighter on Sept 29, 2022.
             Was a High Priest of Okawaru.
             Mangled by a 13-headed hydra (9 damage)
             ... on level 4 of the Swamp.
             The game lasted 00:23:04 (44648 turns).

qw the Peltast (Gargoyle Fighter)                  Turns: 44648, Time: 00:23:05

Health: -7/134     AC: 52    Str: 35    XL:     20   Next: 67%
Magic:  24/24      EV: 17    Int: 11    God:    Okawaru [*****.]
Gold:   1540       SH: 25    Dex: 20    Spells: 19/19 levels left

rFire   + . .      SeeInvis +    i - +4 broad axe (spect)
rCold   . . .      Faith    .    x - +0 tower shield
rNeg    + + +      Spirit   .    A - +7 plate armour of Terror {rF+ rN++ Dex+4}
rPois   inf        Reflect  .    f - +2 helmet
rElec   +          Harm     .    D - scarf {repulsion}
rCorr   .          Rampage  .    k - +3 pair of gauntlets of War {Slay+5}
Will    +....                    t - +0 pair of boots of Inviolability {Int+2 Dex+3}
Stlth   ..........               F - amulet of Surprise {RegenMP +Inv Regen+ Dex+4}
HPRegen 1.12/turn                e - ring of see invisible
MPRegen 0.59/turn                r - +6 ring of strength

@: about to teleport, heroic, flying, slowed, repel missiles, very slow
A: sickness immunity, AC +15, big wings, negative energy resistance 1,
electricity resistance, torment resistance 1, petrification resistance, low MP 1
}: 1/15 runes: gossamer
a: Renounce Religion, Evoke Invisibility, Heroism, Finesse, Duel


You were on level 4 of the Swamp.
You worshipped Okawaru.
Okawaru was extremely pleased with you.
You visited 7 branches of the dungeon, and saw 35 of its levels.

You collected 3689 gold pieces.
You spent 2149 gold pieces at shops.


Innate Abilities, Weirdness & Mutations

You are immune to sickness and miasma.
Your stone body is resilient. (AC +15)
You are immune to poison.
Your large and strong wings let you fly.
You resist negative energy. (rN+)
You are resistant to electric shocks. (rElec)
You are resistant to unholy torment.
You are immune to petrification.
Your magical capacity is low. (-10% MP)


   Skills:
 - Level 17.0(22.0) Fighting
 - Level 18.0(23.0) Axes
 + Level 9.1(14.1) Throwing
 - Level 16.0(21.0) Armour
 - Level 9.0(14.0) Dodging
 - Level 19.3(24.3) Shields
 - Level 10.0 Invocations


You had 19 spell levels left.
You didn't know any spells.
Your spell library was empty.

Inventory:

Hand Weapons
 i - a +4 spectral broad axe (weapon)
Missiles
 m - 5 boomerangs
 q - 4 silver javelins (quivered)
 B - 4 javelins
Armour
 f - a +2 helmet (worn)
 k - the +3 pair of gauntlets of War (worn) {Slay+5}
   (You found it on level 4 of the Spider Nest)

   Slay:      It affects your accuracy & damage with ranged weapons and melee
   (+5).
 o - the +4 plate armour "Uhiz" {rF+ rC+}
   (Okawaru gifted it to you on level 2 of the Orcish Mines)

   rF:        It protects you from fire.
   rC:        It protects you from cold.
 t - the +0 pair of boots of Inviolability (worn) {Int+2 Dex+3}
   (Okawaru gifted it to you on level 13 of the Dungeon)

   Int:       It affects your intelligence (+2).
   Dex:       It affects your dexterity (+3).
 v - +0 acid dragon scales
 x - a +0 tower shield (worn)
 z - a scarf of resistance
 A - the +7 plate armour of Terror (worn) {rF+ rN++ Dex+4}
   (You found it on level 1 of the Vaults)

   Dex:       It affects your dexterity (+4).
   rF:        It protects you from fire.
   rN:        It greatly protects you from negative energy.
 D - a scarf of repulsion (worn)
 E - the +0 cloak of the Sun {Will- Str+2 Dex+2}
   (You acquired it on level 3 of the Vaults)

   Str:       It affects your strength (+2).
   Dex:       It affects your dexterity (+2).
   Will:      It decreases your willpower.
Jewellery
 c - a ring of protection from fire
 e - a ring of see invisible (left hand)
 r - a +6 ring of strength (right hand)
 F - the amulet of Surprise (around neck) {RegenMP +Inv Regen+ Dex+4}
   (You took it off a yaktaur on level 3 of the Vaults)

   [amulet of magic regeneration]

   It increases your rate of magic regeneration.
   Dex:       It affects your dexterity (+4).
   +Inv:      It lets you turn invisible.
   Regen:     It increases your rate of health regeneration.
 Y - a +6 ring of dexterity
Scrolls
 a - 15 scrolls of identify
 y - a scroll of brand weapon
 C - a scroll of teleportation
Potions
 b - 6 potions of attraction
 d - 9 potions of might
 g - 6 potions of haste
 h - 5 potions of heal wounds
 j - 15 potions of curing
 l - 2 potions of cancellation
 n - 11 potions of mutation
 p - 6 potions of lignification
 s - 4 potions of resistance
 u - 6 potions of magic

Dungeon Overview and Level Annotations

Branches:
Dungeon (15/15)            Temple (1/1) D:5            Lair (5/5) D:8
  Swamp (4/4) Lair:3       Spider (4/4) Lair:2        Slime (0/5) Lair:5
    Orc (2/2) D:11            Elf (0/3) Orc:2        Vaults (4/5) D:13
  Crypt (0/3) Vaults:2     Depths (0/4) D:15

Altars:
Ashenzari
Cheibriados
Dithmenos
Elyvilon
Fedhas
Gozag
Hepliaklqana
Kikubaaqudgha
Makhleb
Nemelex Xobeh
Okawaru
Qazlal
Ru
Sif Muna
Trog
Uskayaw
Vehumet
Wu Jian
Xom
Yredelemnul
Zin
The Shining One

Shops:
D:14 [([   Orc:2 *!(:

Portals:
Trove: D:11 (give 2 scrolls of acquirement)

Annotations:
D:12 6 transporters
Spider:3 1 runed translucent door
Orc:1 2 runed translucent doors, Paschim's ghost, journeyman MiBe
Vaults:3 2 transporters


Message History

The nine-headed hydra bites you!
The nine-headed hydra barely misses you.
You block the nine-headed hydra's attack.
The nine-headed hydra bites you but does no damage. x2
The nine-headed hydra bites you!
The nine-headed hydra bites you but does no damage.
The 13-headed hydra bites you!
You block the 13-headed hydra's attack. x2
The 13-headed hydra closely misses you.
The 13-headed hydra bites you but does no damage.
The 13-headed hydra closely misses you. You block the 13-headed hydra's attack.
The 13-headed hydra closely misses you. You block the 13-headed hydra's attack.
The 13-headed hydra closely misses you. The 13-headed hydra misses you.
The 13-headed hydra bites you but does no damage.
The 13-headed hydra closely misses you.
A swamp drake comes into view.
The nine-headed hydra closely misses you.
The nine-headed hydra bites you but does no damage.
The nine-headed hydra misses you. x2
The nine-headed hydra bites you but does no damage.
The nine-headed hydra closely misses you.
The nine-headed hydra completely misses you.
The nine-headed hydra bites you but does no damage. x2
44648 ||| READING 2 scrolls of teleportation.
As you read the scroll of teleportation, it crumbles to dust.
You feel strangely unstable. The 13-headed hydra barely misses you.
You block the 13-headed hydra's attack. x2
The 13-headed hydra bites you but does no damage.
You block the 13-headed hydra's attack. x4; The 13-headed hydra bites you.
The 13-headed hydra misses you. x2
The 13-headed hydra bites you but does no damage. x2
The swamp dragon completely misses you. x2
The swamp dragon tramples you but does no damage.
The nine-headed hydra bites you but does no damage.
The nine-headed hydra bites you. The nine-headed hydra bites you!
The nine-headed hydra misses you.
The nine-headed hydra bites you but does no damage.
The nine-headed hydra bites you.
The nine-headed hydra bites you but does no damage. x3
The 13-headed hydra misses you. The 13-headed hydra bites you!
You die...

~~¤.~.~~~~~~~.~~~7#
~~~.77~..~~~~~77~#
..~.7.~...~~~777~##
.~777.~~.7.....7.~7#
~7777.¤~¤.7.~~~.~~~##
.~77...~~.7~[¤~~...~7#
~~777.~~~~77...~%..~.##.
~~7 777777777.~%¤D.(..k.
.¤7 77~~@D.(.~.~ ~77
7~~..D...... ..77
7..~~.7~~.... 7.~7
7.~.....~..~.


7777 77.7..~~.~~.$ 7.7...~~...~ ~~....~...~. 77~....¤..... You could see a
13-headed hydra (strong), a nine-headed hydra (strong), a swamp dragon and a
swamp drake.

Vanquished Creatures
  Bai Suzhen (Vaults:3)
  Saint Roka (Vaults:1)
  A Tzitzimitl (Vaults:2)
  Zenata (Vaults:4)
  Frances (D:14)
  2 tengu reavers
  Roxanne (Swamp:3)
  8 emperor scorpions
  A deep elf sorcerer (Vaults:4)
  Louise (D:15)
  3 ghost moths
  10 vault wardens
  13 ironbound preservers
  A very ugly thing (Vaults:2)
  5 broodmothers (Spider:4)
  3 war gargoyles
  5 ironbound thunderhulks
  An orc warlord (Vaults:3)
  4 stone giants
  A vampire knight (Vaults:2)
  A deep elf demonologist (Vaults:2)
  2 eleionomae (Swamp:2)
  A dire elephant (Vaults:2)
  2 spark wasps (Spider:4)
  7 bunyips
  An ettin (Orc:1)
  Snorg (Lair:4)
  A crystal guardian (Vaults:4)
  An entropy weaver (shapeshifter) (D:14)
  6 entropy weavers
  A shambling mangrove (Swamp:3)
  9 yaktaur captains
  10 great orbs of eyes
  A vault guard (Vaults:4)
  An ogre mage (Orc:2)
  2 peacekeepers
  13 hydras
  6 ironbound frosthearts
  A jorogumo (Spider:1)
  5 catoblepae
  17 centaur warriors
  3 radroaches
  2 dancing weapons (D:13)
  11 boulder beetles
  2 ghost crabs
  A death knight (D:15)
  7 alligators
  2 vampire magi (Vaults:2)
  A death scarab (Spider:1)
  A shock serpent (shapeshifter) (Vaults:3)
  9 two-headed ogres
  7 death yaks
  Sonja (D:10)
  A sun moth (Spider:4)
  6 spriggans
  Amaemon (Lair:1)
  6 pharaoh ants
  6 bog bodies
  5 goliath frogs
  A glowing orange brain (Vaults:4)
  4 swamp dragons
  10 steelbarb worms
  4 orb spiders
  2 spriggan druids (Swamp:4)
  36 deep trolls
  6 wizards
  A phantasmal warrior (Vaults:2)
  12 ironbound convokers
  15 lindwurms
  4 deep elf pyromancers
  9 orc knights
  Pikel (D:7)
  26 wolf spiders
  8 harpies
  3 will-o-the-wisps
  4 oklob plants (Lair:5)
  23 slime creatures
  6 cyclopes
  26 ugly things
  4 manticores
  3 moths of wrath
  4 black mambas
  11 vault sentinels
  18 elephants
  2 gargoyles
  An orange demon (Lair:1)
  2 unseen horrors
  3 torpor snails (Spider:1)
  12 cane toads
  7 demonic crawlers
  3 rime drakes
  An efreet (D:15)
  4 komodo dragons
  A yaktaur (shapeshifter) (D:15)
  41 yaktaurs
  Psyche (D:8)
  A freezing wraith (D:14)
  2 polar bears (Lair:2)
  11 hornets
  3 trolls
  A tyrant leech (Swamp:3)
  A bloated husk (Swamp:3)
  20 tarantellas
  A slime creature (shapeshifter) (Vaults:2)
  25 dream sheep (Lair:5)
  14 jumping spiders
  12 culicivoras
  A centaur simulacrum (D:14)
  2 wraiths
  105 yaks
  3 basilisks
  2 steam dragons
  47 redbacks
  23 vampire mosquitoes
  6 swamp worms
  2 wargs
  Duvessa (D:7)
  An acid dragon (D:11)
  11 water moccasins
  3 black bears
  2 sky beasts
  4 swamp drakes
  37 orc warriors
  An ice beast (D:6)
  7 ogres
  27 wolves
  4 boggarts (Vaults:1)
  2 phantoms (D:4)
  22 centaurs
  3 lemures (D:7)
  4 kobold brigands
  8 bullfrogs
  A gnoll sergeant (D:9)
  A necrophage (D:6)
  5 scorpions
  Dowan (D:7)
  14 killer bees
  3 howler monkeys
  3 electric eels
  2 gnoll boudas
  6 hounds
  A jelly (D:5)
  12 orc priests
  6 hell rats (Lair:2)
  4 iguanas (D:4)
  23 orc wizards
  13 gnolls
  9 adders
  2 shadow imps
  3 white imps
  3 worms
  4 dart slugs
  89 orcs
  12 endoplasms
  3 giant cockroaches
  9 goblins
  10 hobgoblins
  10 jackals
  4 quokkas
  8 ball pythons
  8 bats
  4 frilled lizards
  26 kobolds
  7 rats
1269 creatures vanquished.

Vanquished Creatures (others)
  A steelbarb worm (Spider:1)
  A bloated husk (Swamp:3)
  A sky beast (D:8)
  An orc (D:8)
  10 foxfires
  17 fungi
  25 plants
  6 withered plants (D:15)
62 creatures vanquished.

Grand Total: 1331 creatures vanquished

Notes
Turn   | Place    | Note
-------+----------+-------------------------------------------
     0 | D:1      | qw the Gargoyle Fighter began the quest for the Orb.
     0 | D:1      | Reached XP level 1. HP: 14/14 MP: 1/1
     0 | D:1      | 0 ||| qw: Version: 0.2-a-12-gaebbb33
     0 | D:1      | 0 ||| qw: Game counter: 1083
     0 | D:1      | 0 ||| qw: Always use a shield: true
     0 | D:1      | 0 ||| qw: God list: Okawaru
     0 | D:1      | 0 ||| qw: Allow faded altars: false
     0 | D:1      | 0 ||| qw: Do Orc after D:15 true
     0 | D:1      | 0 ||| qw: Do second Lair branch before Depths: true
     0 | D:1      | 0 ||| qw: Lair rune preference: random
     0 | D:1      | 0 ||| qw: Plans: Normal, Zot:1-4, God:TSO, Crypt, Tomb,
                  | Pan, Slime:5, Hells, Abyss, Orb
     0 | D:1      | 0 ||| PLANNING D:1-11
   293 | D:1      | Reached XP level 2. HP: 19/19 MP: 2/2
   349 | D:1      | 349 ||| Stepping ~*~*~tactically~*~*~ (stealth).
   356 | D:1      | 356 ||| Stepping ~*~*~tactically~*~*~ (stealth).
   504 | D:1      | 504 ||| Stepping ~*~*~tactically~*~*~ (stealth).
   516 | D:1      | Reached skill level 3 in Axes
   533 | D:1      | Found a faded altar of an unknown god.
   578 | D:1      | Reached XP level 3. HP: 23/23 MP: 3/3
   741 | D:1      | 741 ||| Stepping ~*~*~tactically~*~*~ (stealth).
   948 | D:1      | 948 ||| Stepping ~*~*~tactically~*~*~ (hiding).
  1268 | D:1      | 1268 ||| UPGRADING to +0 helmet.
  1273 | D:1      | 1273 ||| READING scroll labelled FOLARE VOKOIWN.
  1374 | D:1      | 1374 ||| READING scroll labelled LUWUUTT NERADA.
  1375 | D:1      | 1375 ||| READING 2 scrolls labelled YBAXOPL YNUPHI.
  1376 | D:1      | 1376 ||| READING scroll labelled WAMMUETR LITU.
  1381 | D:1      | 1381 ||| READING scroll labelled EREHUHEMINT.
  1382 | D:1      | 1382 ||| DRINKING 3 viscous inky potions.
  1383 | D:1      | 1383 ||| DROPPING scroll of blinking.
  1469 | D:2      | Reached XP level 4. HP: 28/28 MP: 4/4
  1564 | D:2      | 1564 ||| Stepping ~*~*~tactically~*~*~ (stealth).
  1566 | D:2      | 1566 ||| Stepping ~*~*~tactically~*~*~ (stealth).
  1567 | D:2      | 1567 ||| Stepping ~*~*~tactically~*~*~ (stealth).
  1568 | D:2      | 1568 ||| Stepping ~*~*~tactically~*~*~ (stealth).
  1598 | D:2      | 1598 ||| Stepping ~*~*~tactically~*~*~ (stealth).
  2149 | D:2      | 2149 ||| UPGRADING to amulet of the acrobat.
  2154 | D:2      | 2154 ||| READING 3 scrolls labelled KIALAH XACSADUSK.
  2155 | D:2      | 2155 ||| READING scroll labelled DYSTRI FUEXU.
  2156 | D:2      | 2156 ||| READING scroll labelled ODUTOTW UQAMMI.
  2157 | D:2      | 2157 ||| DRINKING 3 smoky puce potions.
  2158 | D:2      | 2158 ||| READING 2 scrolls of identify.
  2158 | D:2      | 2158 ||| IDENTIFYING fizzy green potion
  2159 | D:2      | 2159 ||| DROPPING potion of brilliance.
  2175 | D:3      | 2175 ||| PLANNING SEWER
  2189 | D:3      | 2189 ||| STAIRDANCE
  2246 | D:3      | 2246 ||| Stepping ~*~*~tactically~*~*~ (stealth).
  2248 | D:3      | 2248 ||| Stepping ~*~*~tactically~*~*~ (stealth).
  2506 | D:3      | 2506 ||| DROPPING +0 club.
  2908 | D:3      | 2908 ||| RIP SEWER
  3058 | D:3      | 3058 ||| PLANNING D:1-11
  3071 | D:3      | 3071 ||| UPGRADING to ring of willpower.
  3072 | D:3      | 3072 ||| READING scroll labelled PAWKIL TAMMONI.
  3073 | D:3      | 3073 ||| DRINKING 2 bubbling yellow potions.
  3136 | D:4      | Reached XP level 5. HP: 28/32 MP: 5/5
  3302 | D:4      | 3302 ||| Stepping ~*~*~tactically~*~*~ (stealth).
  3306 | D:4      | 3306 ||| Stepping ~*~*~tactically~*~*~ (stealth).
  3307 | D:4      | 3307 ||| Stepping ~*~*~tactically~*~*~ (stealth).
  3308 | D:4      | 3308 ||| Stepping ~*~*~tactically~*~*~ (stealth).
  3854 | D:4      | Reached XP level 6. HP: 34/38 MP: 6/6
  4059 | D:4      | 4059 ||| READING scroll of enchant armour.
  4059 | D:4      | 4059 ||| ENCHANTING +0 helmet.
  4449 | D:4      | 4449 ||| Stepping ~*~*~tactically~*~*~ (stealth).
  4789 | D:4      | 4789 ||| Stepping ~*~*~tactically~*~*~ (hiding).
  4791 | D:4      | 4791 ||| Stepping ~*~*~tactically~*~*~ (hiding).
  4797 | D:4      | 4797 ||| FLEEEEING.
  4798 | D:4      | 4798 ||| FLEEEEING.
  4808 | D:4      | 4808 ||| FLEEEEING.
  4809 | D:4      | 4809 ||| FLEEEEING.
  4810 | D:4      | 4810 ||| FLEEEEING.
  4811 | D:4      | 4811 ||| FLEEEEING.
  4812 | D:4      | 4812 ||| FLEEEEING.
  4827 | D:4      | 4827 ||| Stepping ~*~*~tactically~*~*~ (stealth).
  4828 | D:4      | 4828 ||| Stepping ~*~*~tactically~*~*~ (stealth).
  4849 | D:4      | Reached XP level 7. HP: 37/43 MP: 7/7
  4940 | D:4      | 4940 ||| Stepping ~*~*~tactically~*~*~ (stealth).
  5010 | D:4      | 5010 ||| UPGRADING to +0 chain mail.
  5020 | D:4      | 5020 ||| DROPPING +0 scale mail.
  5021 | D:4      | 5021 ||| DRINKING 3 purple potions.
  5022 | D:4      | 5022 ||| READING 4 scrolls of identify.
  5022 | D:4      | 5022 ||| IDENTIFYING bubbling brown potion
  5023 | D:4      | 5023 ||| READING 3 scrolls of identify.
  5023 | D:4      | 5023 ||| IDENTIFYING lumpy grey potion
  5024 | D:4      | 5024 ||| READING 2 scrolls of identify.
  5024 | D:4      | 5024 ||| IDENTIFYING yellow potion
  5025 | D:4      | 5025 ||| DROPPING potion of invisibility.
  5026 | D:4      | 5026 ||| DROPPING 2 potions of degeneration.
  5045 | D:5      | Entered Level 5 of the Dungeon
  5047 | D:5      | Found a staircase to the Ecumenical Temple.
  5048 | D:5      | 5048 ||| PLANNING TEMPLE
  5054 | Temple   | Entered the Ecumenical Temple
  5302 | Temple   | 5302 ||| PLANNING OKAWARU WORSHIP
  5472 | Temple   | Became a worshipper of Warmaster Okawaru
  5473 | Temple   | 5473 ||| PLANNING D:1-11
  5524 | D:5      | Reached skill level 6 in Axes
  5715 | D:5      | Found a white marble altar of Elyvilon.
  5723 | D:5      | 5723 ||| Stepping ~*~*~tactically~*~*~ (stealth).
  5725 | D:5      | 5725 ||| Stepping ~*~*~tactically~*~*~ (hiding).
  6365 | D:5      | Reached * piety under Okawaru
  6394 | D:5      | Found an ornate altar of the Wu Jian Council.
  6573 | D:5      | 6573 ||| Stepping ~*~*~tactically~*~*~ (hiding).
  6785 | D:5      | 6785 ||| UPGRADING to +0 pair of boots.
  6790 | D:5      | 6790 ||| DROPPING amulet of faith.
  6791 | D:5      | 6791 ||| READING scroll labelled ACLEUZYR TERIQ.
  6792 | D:5      | 6792 ||| READING 2 scrolls labelled JEXZIABOQE.
  6793 | D:5      | 6793 ||| READING scroll labelled KIERIS UKATONTIC.
  6858 | D:5      | 6858 ||| READING 2 scrolls of identify.
  6858 | D:5      | 6858 ||| IDENTIFYING emerald potion
  6859 | D:5      | 6859 ||| DROPPING potion of berserk rage.
  6860 | D:5      | 6860 ||| DROPPING scroll of poison.
  6894 | D:6      | Reached skill level 1 in Invocations
  6894 | D:6      | Reached XP level 8. HP: 49/49 MP: 7/9
  6948 | D:6      | 6948 ||| Stepping ~*~*~tactically~*~*~ (stealth).
  6977 | D:6      | 6977 ||| Stepping ~*~*~tactically~*~*~ (stealth).
  6978 | D:6      | 6978 ||| Stepping ~*~*~tactically~*~*~ (stealth).
  7024 | D:6      | 7024 ||| Stepping ~*~*~tactically~*~*~ (stealth).
  7210 | D:6      | 7210 ||| Stepping ~*~*~tactically~*~*~ (stealth).
  7280 | D:6      | Reached skill level 1 in Throwing
  7280 | D:6      | Reached skill level 3 in Invocations
  7338 | D:6      | 7338 ||| INVOKING Heroism.
  7353 | D:6      | Reached ** piety under Okawaru
  7379 | D:6      | 7379 ||| INVOKING Heroism.
  7917 | D:6      | 7917 ||| READING scroll labelled ZOZUTW SUAFFI.
  7918 | D:6      | 7918 ||| READING 3 scrolls of identify.
  7918 | D:6      | 7918 ||| IDENTIFYING blue potion
  7919 | D:6      | 7919 ||| READING 3 scrolls of teleportation.
  7988 | D:6      | 7988 ||| READING 2 scrolls of teleportation.
  8041 | D:6      | 8041 ||| READING scroll of teleportation.
  8096 | D:6      | 8096 ||| Stepping randomly (stuck).
  8097 | D:6      | 8097 ||| Stepping randomly (stuck).
  8098 | D:6      | 8098 ||| Stepping randomly (stuck).
  8101 | D:6      | 8101 ||| Stepping randomly (stuck).
  8105 | D:6      | 8105 ||| Stepping randomly (stuck).
  8106 | D:6      | 8106 ||| Stepping randomly (stuck).
  8107 | D:6      | 8107 ||| Stepping randomly (stuck).
  8108 | D:6      | 8108 ||| Stepping randomly (stuck).
  8109 | D:6      | 8109 ||| Stepping randomly (stuck).
  8110 | D:6      | 8110 ||| Stepping randomly (stuck).
  8111 | D:6      | 8111 ||| Stepping randomly (stuck).
  8112 | D:6      | 8112 ||| Stepping randomly (stuck).
  8113 | D:6      | 8113 ||| Stepping randomly (stuck).
  8114 | D:6      | 8114 ||| Stepping randomly (stuck).
  8115 | D:6      | 8115 ||| Stepping randomly (stuck).
  8116 | D:6      | 8116 ||| Stepping randomly (stuck).
  8117 | D:6      | 8117 ||| Stepping randomly (stuck).
  8118 | D:6      | 8118 ||| Stepping randomly (stuck).
  8119 | D:6      | 8119 ||| Stepping randomly (stuck).
  8120 | D:6      | 8120 ||| Stepping randomly (stuck).
  8121 | D:6      | 8121 ||| Stepping randomly (stuck).
  8122 | D:6      | 8122 ||| Stepping randomly (stuck).
  8123 | D:6      | 8123 ||| Stepping randomly (stuck).
  8124 | D:6      | 8124 ||| Stepping randomly (stuck).
  8125 | D:6      | 8125 ||| Stepping randomly (stuck).
  8126 | D:6      | 8126 ||| Stepping randomly (stuck).
  8127 | D:6      | 8127 ||| Stepping randomly (stuck).
  8128 | D:6      | 8128 ||| Stepping randomly (stuck).
  8129 | D:6      | 8129 ||| Stepping randomly (stuck).
  8130 | D:6      | 8130 ||| Stepping randomly (stuck).
  8132 | D:6      | 8132 ||| Stepping randomly (stuck).
  8142 | D:6      | 8142 ||| Stepping randomly (stuck).
  8143 | D:6      | 8143 ||| Stepping randomly (stuck).
  8144 | D:6      | 8144 ||| Stepping randomly (stuck).
  8145 | D:6      | 8145 ||| Stepping randomly (stuck).
  8146 | D:6      | 8146 ||| Stepping randomly (stuck).
  8147 | D:6      | 8147 ||| Stepping randomly (stuck).
  8148 | D:6      | 8148 ||| Stepping randomly (stuck).
  8149 | D:6      | 8149 ||| Stepping randomly (stuck).
  8150 | D:6      | 8150 ||| Stepping randomly (stuck).
  8151 | D:6      | 8151 ||| Stepping randomly (stuck).
  8152 | D:6      | 8152 ||| Stepping randomly (stuck).
  8153 | D:6      | 8153 ||| Stepping randomly (stuck).
  8154 | D:6      | 8154 ||| Stepping randomly (stuck).
  8155 | D:6      | 8155 ||| Stepping randomly (stuck).
  8156 | D:6      | 8156 ||| Stepping randomly (stuck).
  8157 | D:6      | 8157 ||| Stepping randomly (stuck).
  8158 | D:6      | 8158 ||| Stepping randomly (stuck).
  8159 | D:6      | 8159 ||| Stepping randomly (stuck).
  8160 | D:6      | 8160 ||| Stepping randomly (stuck).
  8161 | D:6      | 8161 ||| Stepping randomly (stuck).
  8162 | D:6      | 8162 ||| Stepping randomly (stuck).
  8163 | D:6      | 8163 ||| Stepping randomly (stuck).
  8164 | D:6      | 8164 ||| Stepping randomly (stuck).
  8165 | D:6      | 8165 ||| Stepping randomly (stuck).
  8166 | D:6      | 8166 ||| Stepping randomly (stuck).
  8167 | D:6      | 8167 ||| Stepping randomly (stuck).
  8168 | D:6      | 8168 ||| Stepping randomly (stuck).
  8169 | D:6      | 8169 ||| Stepping randomly (stuck).
  8170 | D:6      | 8170 ||| Stepping randomly (stuck).
  8171 | D:6      | 8171 ||| Stepping randomly (stuck).
  8172 | D:6      | 8172 ||| Stepping randomly (stuck).
  8173 | D:6      | 8173 ||| Stepping randomly (stuck).
  8174 | D:6      | 8174 ||| Stepping randomly (stuck).
  8175 | D:6      | 8175 ||| Stepping randomly (stuck).
  8176 | D:6      | 8176 ||| Stepping randomly (stuck).
  8177 | D:6      | 8177 ||| Stepping randomly (stuck).
  8178 | D:6      | 8178 ||| Stepping randomly (stuck).
  8179 | D:6      | 8179 ||| Stepping randomly (stuck).
  8180 | D:6      | 8180 ||| Stepping randomly (stuck).
  8181 | D:6      | 8181 ||| Stepping randomly (stuck).
  8182 | D:6      | 8182 ||| Stepping randomly (stuck).
  8183 | D:6      | 8183 ||| Stepping randomly (stuck).
  8184 | D:6      | 8184 ||| Stepping randomly (stuck).
  8185 | D:6      | 8185 ||| Stepping randomly (stuck).
  8186 | D:6      | 8186 ||| Stepping randomly (stuck).
  8187 | D:6      | 8187 ||| Stepping randomly (stuck).
  8188 | D:6      | 8188 ||| Stepping randomly (stuck).
  8189 | D:6      | 8189 ||| Stepping randomly (stuck).
  8190 | D:6      | 8190 ||| Stepping randomly (stuck).
  8191 | D:6      | 8191 ||| Stepping randomly (stuck).
  8192 | D:6      | 8192 ||| Stepping randomly (stuck).
  8193 | D:6      | 8193 ||| Stepping randomly (stuck).
  8194 | D:6      | 8194 ||| Stepping randomly (stuck).
  8195 | D:6      | 8195 ||| Stepping randomly (stuck).
  8196 | D:6      | 8196 ||| Stepping randomly (stuck).
  8197 | D:6      | 8197 ||| Stepping randomly (stuck).
  8198 | D:6      | 8198 ||| Stepping randomly (stuck).
  8199 | D:6      | 8199 ||| Stepping randomly (stuck).
  8200 | D:6      | 8200 ||| Stepping randomly (stuck).
  8201 | D:6      | 8201 ||| Stepping randomly (stuck).
  8202 | D:6      | 8202 ||| Stepping randomly (stuck).
  8203 | D:6      | 8203 ||| Stepping randomly (stuck).
  8204 | D:6      | 8204 ||| Stepping randomly (stuck).
  8205 | D:6      | 8205 ||| Stepping randomly (stuck).
  8206 | D:6      | 8206 ||| Stepping randomly (stuck).
  8207 | D:6      | 8207 ||| Stepping randomly (stuck).
  8208 | D:6      | 8208 ||| Stepping randomly (stuck).
  8209 | D:6      | 8209 ||| Stepping randomly (stuck).
  8210 | D:6      | 8210 ||| Stepping randomly (stuck).
  8211 | D:6      | 8211 ||| Stepping randomly (stuck).
  8212 | D:6      | 8212 ||| Stepping randomly (stuck).
  8213 | D:6      | 8213 ||| Stepping randomly (stuck).
  8214 | D:6      | 8214 ||| Stepping randomly (stuck).
  8215 | D:6      | 8215 ||| Stepping randomly (stuck).
  8216 | D:6      | 8216 ||| Stepping randomly (stuck).
  8217 | D:6      | 8217 ||| Stepping randomly (stuck).
  8218 | D:6      | 8218 ||| Stepping randomly (stuck).
  8219 | D:6      | 8219 ||| Stepping randomly (stuck).
  8220 | D:6      | 8220 ||| Stepping randomly (stuck).
  8221 | D:6      | 8221 ||| Stepping randomly (stuck).
  8222 | D:6      | 8222 ||| Stepping randomly (stuck).
  8223 | D:6      | 8223 ||| Stepping randomly (stuck).
  8224 | D:6      | 8224 ||| Stepping randomly (stuck).
  8225 | D:6      | 8225 ||| Stepping randomly (stuck).
  8226 | D:6      | 8226 ||| Stepping randomly (stuck).
  8227 | D:6      | 8227 ||| Stepping randomly (stuck).
  8228 | D:6      | 8228 ||| Stepping randomly (stuck).
  8229 | D:6      | 8229 ||| Stepping randomly (stuck).
  8230 | D:6      | 8230 ||| Stepping randomly (stuck).
  8231 | D:6      | 8231 ||| Stepping randomly (stuck).
  8232 | D:6      | 8232 ||| Stepping randomly (stuck).
  8233 | D:6      | 8233 ||| Stepping randomly (stuck).
  8234 | D:6      | 8234 ||| Stepping randomly (stuck).
  8235 | D:6      | 8235 ||| Stepping randomly (stuck).
  8236 | D:6      | 8236 ||| Stepping randomly (stuck).
  8237 | D:6      | 8237 ||| Stepping randomly (stuck).
  8238 | D:6      | 8238 ||| Stepping randomly (stuck).
  8239 | D:6      | 8239 ||| Stepping randomly (stuck).
  8240 | D:6      | 8240 ||| Stepping randomly (stuck).
  8241 | D:6      | 8241 ||| Stepping randomly (stuck).
  8242 | D:6      | 8242 ||| Stepping randomly (stuck).
  8243 | D:6      | 8243 ||| Stepping randomly (stuck).
  8244 | D:6      | 8244 ||| Stepping randomly (stuck).
  8245 | D:6      | 8245 ||| Stepping randomly (stuck).
  8246 | D:6      | 8246 ||| Stepping randomly (stuck).
  8247 | D:6      | 8247 ||| Stepping randomly (stuck).
  8248 | D:6      | 8248 ||| Stepping randomly (stuck).
  8249 | D:6      | 8249 ||| Stepping randomly (stuck).
  8250 | D:6      | 8250 ||| Stepping randomly (stuck).
  8251 | D:6      | 8251 ||| Stepping randomly (stuck).
  8252 | D:6      | 8252 ||| Stepping randomly (stuck).
  8253 | D:6      | 8253 ||| Stepping randomly (stuck).
  8254 | D:6      | 8254 ||| Stepping randomly (stuck).
  8255 | D:6      | 8255 ||| Stepping randomly (stuck).
  8256 | D:6      | 8256 ||| Stepping randomly (stuck).
  8257 | D:6      | 8257 ||| Stepping randomly (stuck).
  8258 | D:6      | 8258 ||| Stepping randomly (stuck).
  8259 | D:6      | 8259 ||| Stepping randomly (stuck).
  8260 | D:6      | 8260 ||| Stepping randomly (stuck).
  8261 | D:6      | 8261 ||| Stepping randomly (stuck).
  8262 | D:6      | 8262 ||| Stepping randomly (stuck).
  8263 | D:6      | 8263 ||| Stepping randomly (stuck).
  8264 | D:6      | 8264 ||| Stepping randomly (stuck).
  8265 | D:6      | 8265 ||| Stepping randomly (stuck).
  8266 | D:6      | 8266 ||| Stepping randomly (stuck).
  8267 | D:6      | 8267 ||| Stepping randomly (stuck).
  8268 | D:6      | 8268 ||| Stepping randomly (stuck).
  8269 | D:6      | 8269 ||| Stepping randomly (stuck).
  8270 | D:6      | 8270 ||| Stepping randomly (stuck).
  8271 | D:6      | 8271 ||| Stepping randomly (stuck).
  8272 | D:6      | 8272 ||| Stepping randomly (stuck).
  8273 | D:6      | 8273 ||| Stepping randomly (stuck).
  8274 | D:6      | 8274 ||| Stepping randomly (stuck).
  8275 | D:6      | 8275 ||| Stepping randomly (stuck).
  8276 | D:6      | 8276 ||| Stepping randomly (stuck).
  8277 | D:6      | 8277 ||| Stepping randomly (stuck).
  8278 | D:6      | 8278 ||| Stepping randomly (stuck).
  8279 | D:6      | 8279 ||| Stepping randomly (stuck).
  8280 | D:6      | 8280 ||| Stepping randomly (stuck).
  8281 | D:6      | 8281 ||| Stepping randomly (stuck).
  8282 | D:6      | 8282 ||| Stepping randomly (stuck).
  8283 | D:6      | 8283 ||| Stepping randomly (stuck).
  8284 | D:6      | 8284 ||| Stepping randomly (stuck).
  8285 | D:6      | 8285 ||| Stepping randomly (stuck).
  8286 | D:6      | 8286 ||| Stepping randomly (stuck).
  8287 | D:6      | 8287 ||| Stepping randomly (stuck).
  8288 | D:6      | 8288 ||| Stepping randomly (stuck).
  8289 | D:6      | 8289 ||| Stepping randomly (stuck).
  8290 | D:6      | 8290 ||| Stepping randomly (stuck).
  8291 | D:6      | 8291 ||| Stepping randomly (stuck).
  8292 | D:6      | 8292 ||| Stepping randomly (stuck).
  8293 | D:6      | 8293 ||| Stepping randomly (stuck).
  8294 | D:6      | 8294 ||| Stepping randomly (stuck).
  8295 | D:6      | 8295 ||| Stepping randomly (stuck).
  8296 | D:6      | 8296 ||| Stepping randomly (stuck).
  8297 | D:6      | 8297 ||| Stepping randomly (stuck).
  8298 | D:6      | 8298 ||| Stepping randomly (stuck).
  8299 | D:6      | 8299 ||| Stepping randomly (stuck).
  8300 | D:6      | 8300 ||| Stepping randomly (stuck).
  8301 | D:6      | 8301 ||| Stepping randomly (stuck).
  8302 | D:6      | 8302 ||| Stepping randomly (stuck).
  8303 | D:6      | 8303 ||| Stepping randomly (stuck).
  8304 | D:6      | 8304 ||| Stepping randomly (stuck).
  8305 | D:6      | 8305 ||| Stepping randomly (stuck).
  8306 | D:6      | 8306 ||| Stepping randomly (stuck).
  8307 | D:6      | 8307 ||| Stepping randomly (stuck).
  8308 | D:6      | 8308 ||| Stepping randomly (stuck).
  8309 | D:6      | 8309 ||| Stepping randomly (stuck).
  8310 | D:6      | 8310 ||| Stepping randomly (stuck).
  8311 | D:6      | 8311 ||| Stepping randomly (stuck).
  8312 | D:6      | 8312 ||| Stepping randomly (stuck).
  8313 | D:6      | 8313 ||| Stepping randomly (stuck).
  8314 | D:6      | 8314 ||| Stepping randomly (stuck).
  8315 | D:6      | 8315 ||| Stepping randomly (stuck).
  8316 | D:6      | 8316 ||| Stepping randomly (stuck).
  8317 | D:6      | 8317 ||| Stepping randomly (stuck).
  8318 | D:6      | 8318 ||| Stepping randomly (stuck).
  8319 | D:6      | 8319 ||| Stepping randomly (stuck).
  8320 | D:6      | 8320 ||| Stepping randomly (stuck).
  8321 | D:6      | 8321 ||| Stepping randomly (stuck).
  8322 | D:6      | 8322 ||| Stepping randomly (stuck).
  8323 | D:6      | 8323 ||| Stepping randomly (stuck).
  8324 | D:6      | 8324 ||| Stepping randomly (stuck).
  8325 | D:6      | 8325 ||| Stepping randomly (stuck).
  8326 | D:6      | 8326 ||| Stepping randomly (stuck).
  8327 | D:6      | 8327 ||| Stepping randomly (stuck).
  8328 | D:6      | 8328 ||| Stepping randomly (stuck).
  8329 | D:6      | 8329 ||| Stepping randomly (stuck).
  8330 | D:6      | 8330 ||| Stepping randomly (stuck).
  8331 | D:6      | 8331 ||| Stepping randomly (stuck).
  8332 | D:6      | 8332 ||| Stepping randomly (stuck).
  8333 | D:6      | 8333 ||| Stepping randomly (stuck).
  8334 | D:6      | 8334 ||| Stepping randomly (stuck).
  8335 | D:6      | 8335 ||| Stepping randomly (stuck).
  8336 | D:6      | 8336 ||| Stepping randomly (stuck).
  8337 | D:6      | 8337 ||| Stepping randomly (stuck).
  8338 | D:6      | 8338 ||| Stepping randomly (stuck).
  8339 | D:6      | 8339 ||| Stepping randomly (stuck).
  8340 | D:6      | 8340 ||| Stepping randomly (stuck).
  8341 | D:6      | 8341 ||| Stepping randomly (stuck).
  8342 | D:6      | 8342 ||| Stepping randomly (stuck).
  8343 | D:6      | 8343 ||| Stepping randomly (stuck).
  8344 | D:6      | 8344 ||| Stepping randomly (stuck).
  8345 | D:6      | 8345 ||| Stepping randomly (stuck).
  8346 | D:6      | 8346 ||| Stepping randomly (stuck).
  8347 | D:6      | 8347 ||| Stepping randomly (stuck).
  8348 | D:6      | 8348 ||| Stepping randomly (stuck).
  8349 | D:6      | 8349 ||| Stepping randomly (stuck).
  8350 | D:6      | 8350 ||| Stepping randomly (stuck).
  8351 | D:6      | 8351 ||| Stepping randomly (stuck).
  8352 | D:6      | 8352 ||| Stepping randomly (stuck).
  8353 | D:6      | 8353 ||| Stepping randomly (stuck).
  8354 | D:6      | 8354 ||| Stepping randomly (stuck).
  8355 | D:6      | 8355 ||| Stepping randomly (stuck).
  8356 | D:6      | 8356 ||| Stepping randomly (stuck).
  8357 | D:6      | 8357 ||| Stepping randomly (stuck).
  8358 | D:6      | 8358 ||| Stepping randomly (stuck).
  8359 | D:6      | 8359 ||| Stepping randomly (stuck).
  8360 | D:6      | 8360 ||| Stepping randomly (stuck).
  8361 | D:6      | 8361 ||| Stepping randomly (stuck).
  8362 | D:6      | 8362 ||| Stepping randomly (stuck).
  8363 | D:6      | 8363 ||| Stepping randomly (stuck).
  8364 | D:6      | 8364 ||| Stepping randomly (stuck).
  8365 | D:6      | 8365 ||| Stepping randomly (stuck).
  8366 | D:6      | 8366 ||| Stepping randomly (stuck).
  8367 | D:6      | 8367 ||| Stepping randomly (stuck).
  8368 | D:6      | 8368 ||| Stepping randomly (stuck).
  8369 | D:6      | 8369 ||| Stepping randomly (stuck).
  8370 | D:6      | 8370 ||| Stepping randomly (stuck).
  8371 | D:6      | 8371 ||| Stepping randomly (stuck).
  8372 | D:6      | 8372 ||| Stepping randomly (stuck).
  8373 | D:6      | 8373 ||| Stepping randomly (stuck).
  8374 | D:6      | 8374 ||| Stepping randomly (stuck).
  8375 | D:6      | 8375 ||| Stepping randomly (stuck).
  8376 | D:6      | 8376 ||| Stepping randomly (stuck).
  8377 | D:6      | 8377 ||| Stepping randomly (stuck).
  8378 | D:6      | 8378 ||| Stepping randomly (stuck).
  8379 | D:6      | 8379 ||| Stepping randomly (stuck).
  8380 | D:6      | 8380 ||| Stepping randomly (stuck).
  8381 | D:6      | 8381 ||| Stepping randomly (stuck).
  8382 | D:6      | 8382 ||| Stepping randomly (stuck).
  8383 | D:6      | 8383 ||| Stepping randomly (stuck).
  8384 | D:6      | 8384 ||| Stepping randomly (stuck).
  8385 | D:6      | 8385 ||| Stepping randomly (stuck).
  8386 | D:6      | 8386 ||| Stepping randomly (stuck).
  8387 | D:6      | 8387 ||| Stepping randomly (stuck).
  8388 | D:6      | 8388 ||| Stepping randomly (stuck).
  8389 | D:6      | 8389 ||| Stepping randomly (stuck).
  8390 | D:6      | 8390 ||| Stepping randomly (stuck).
  8391 | D:6      | 8391 ||| Stepping randomly (stuck).
  8392 | D:6      | 8392 ||| Stepping randomly (stuck).
  8393 | D:6      | 8393 ||| Stepping randomly (stuck).
  8394 | D:6      | 8394 ||| Stepping randomly (stuck).
  8395 | D:6      | 8395 ||| Stepping randomly (stuck).
  8396 | D:6      | 8396 ||| Stepping randomly (stuck).
  8397 | D:6      | 8397 ||| Stepping randomly (stuck).
  8398 | D:6      | 8398 ||| Stepping randomly (stuck).
  8399 | D:6      | 8399 ||| Stepping randomly (stuck).
  8400 | D:6      | 8400 ||| Stepping randomly (stuck).
  8401 | D:6      | 8401 ||| Stepping randomly (stuck).
  8402 | D:6      | 8402 ||| Stepping randomly (stuck).
  8403 | D:6      | 8403 ||| Stepping randomly (stuck).
  8404 | D:6      | 8404 ||| Stepping randomly (stuck).
  8405 | D:6      | 8405 ||| Stepping randomly (stuck).
  8406 | D:6      | 8406 ||| Stepping randomly (stuck).
  8407 | D:6      | 8407 ||| Stepping randomly (stuck).
  8408 | D:6      | 8408 ||| Stepping randomly (stuck).
  8409 | D:6      | 8409 ||| Stepping randomly (stuck).
  8410 | D:6      | 8410 ||| Stepping randomly (stuck).
  8411 | D:6      | 8411 ||| Stepping randomly (stuck).
  8412 | D:6      | 8412 ||| Stepping randomly (stuck).
  8413 | D:6      | 8413 ||| Stepping randomly (stuck).
  8414 | D:6      | 8414 ||| Stepping randomly (stuck).
  8415 | D:6      | 8415 ||| Stepping randomly (stuck).
  8416 | D:6      | 8416 ||| Stepping randomly (stuck).
  8417 | D:6      | 8417 ||| Stepping randomly (stuck).
  8418 | D:6      | 8418 ||| Stepping randomly (stuck).
  8419 | D:6      | 8419 ||| Stepping randomly (stuck).
  8420 | D:6      | 8420 ||| Stepping randomly (stuck).
  8421 | D:6      | 8421 ||| Stepping randomly (stuck).
  8422 | D:6      | 8422 ||| Stepping randomly (stuck).
  8423 | D:6      | 8423 ||| Stepping randomly (stuck).
  8424 | D:6      | 8424 ||| Stepping randomly (stuck).
  8425 | D:6      | 8425 ||| Stepping randomly (stuck).
  8426 | D:6      | 8426 ||| Stepping randomly (stuck).
  8427 | D:6      | 8427 ||| Stepping randomly (stuck).
  8428 | D:6      | 8428 ||| Stepping randomly (stuck).
  8429 | D:6      | 8429 ||| Stepping randomly (stuck).
  8430 | D:6      | 8430 ||| Stepping randomly (stuck).
  8431 | D:6      | 8431 ||| Stepping randomly (stuck).
  8432 | D:6      | 8432 ||| Stepping randomly (stuck).
  8433 | D:6      | 8433 ||| Stepping randomly (stuck).
  8434 | D:6      | 8434 ||| Stepping randomly (stuck).
  8435 | D:6      | 8435 ||| Stepping randomly (stuck).
  8436 | D:6      | 8436 ||| Stepping randomly (stuck).
  8437 | D:6      | 8437 ||| Stepping randomly (stuck).
  8438 | D:6      | 8438 ||| Stepping randomly (stuck).
  8439 | D:6      | 8439 ||| Stepping randomly (stuck).
  8440 | D:6      | 8440 ||| Stepping randomly (stuck).
  8441 | D:6      | 8441 ||| Stepping randomly (stuck).
  8442 | D:6      | 8442 ||| Stepping randomly (stuck).
  8443 | D:6      | 8443 ||| Stepping randomly (stuck).
  8444 | D:6      | 8444 ||| Stepping randomly (stuck).
  8445 | D:6      | 8445 ||| Stepping randomly (stuck).
  8446 | D:6      | 8446 ||| Stepping randomly (stuck).
  8447 | D:6      | 8447 ||| Stepping randomly (stuck).
  8448 | D:6      | 8448 ||| Stepping randomly (stuck).
  8449 | D:6      | 8449 ||| Stepping randomly (stuck).
  8450 | D:6      | 8450 ||| Stepping randomly (stuck).
  8451 | D:6      | 8451 ||| Stepping randomly (stuck).
  8452 | D:6      | 8452 ||| Stepping randomly (stuck).
  8453 | D:6      | 8453 ||| Stepping randomly (stuck).
  8454 | D:6      | 8454 ||| Stepping randomly (stuck).
  8455 | D:6      | 8455 ||| Stepping randomly (stuck).
  8456 | D:6      | 8456 ||| Stepping randomly (stuck).
  8457 | D:6      | 8457 ||| Stepping randomly (stuck).
  8458 | D:6      | 8458 ||| Stepping randomly (stuck).
  8459 | D:6      | 8459 ||| Stepping randomly (stuck).
  8460 | D:6      | 8460 ||| Stepping randomly (stuck).
  8461 | D:6      | 8461 ||| Stepping randomly (stuck).
  8462 | D:6      | 8462 ||| Stepping randomly (stuck).
  8463 | D:6      | 8463 ||| Stepping randomly (stuck).
  8464 | D:6      | 8464 ||| Stepping randomly (stuck).
  8465 | D:6      | 8465 ||| Stepping randomly (stuck).
  8466 | D:6      | 8466 ||| Stepping randomly (stuck).
  8467 | D:6      | 8467 ||| Stepping randomly (stuck).
  8468 | D:6      | 8468 ||| Stepping randomly (stuck).
  8469 | D:6      | 8469 ||| Stepping randomly (stuck).
  8470 | D:6      | 8470 ||| Stepping randomly (stuck).
  8471 | D:6      | 8471 ||| Stepping randomly (stuck).
  8472 | D:6      | 8472 ||| Stepping randomly (stuck).
  8473 | D:6      | 8473 ||| Stepping randomly (stuck).
  8474 | D:6      | 8474 ||| Stepping randomly (stuck).
  8475 | D:6      | 8475 ||| Stepping randomly (stuck).
  8476 | D:6      | 8476 ||| Stepping randomly (stuck).
  8477 | D:6      | 8477 ||| Stepping randomly (stuck).
  8478 | D:6      | 8478 ||| Stepping randomly (stuck).
  8479 | D:6      | 8479 ||| Stepping randomly (stuck).
  8480 | D:6      | 8480 ||| Stepping randomly (stuck).
  8481 | D:6      | 8481 ||| Stepping randomly (stuck).
  8482 | D:6      | 8482 ||| Stepping randomly (stuck).
  8483 | D:6      | 8483 ||| Stepping randomly (stuck).
  8484 | D:6      | 8484 ||| Stepping randomly (stuck).
  8485 | D:6      | 8485 ||| Stepping randomly (stuck).
  8486 | D:6      | 8486 ||| Stepping randomly (stuck).
  8487 | D:6      | 8487 ||| Stepping randomly (stuck).
  8488 | D:6      | 8488 ||| Stepping randomly (stuck).
  8489 | D:6      | 8489 ||| Stepping randomly (stuck).
  8490 | D:6      | 8490 ||| Stepping randomly (stuck).
  8491 | D:6      | 8491 ||| Stepping randomly (stuck).
  8492 | D:6      | 8492 ||| Stepping randomly (stuck).
  8493 | D:6      | 8493 ||| Stepping randomly (stuck).
  8494 | D:6      | 8494 ||| Stepping randomly (stuck).
  8495 | D:6      | 8495 ||| Stepping randomly (stuck).
  8496 | D:6      | 8496 ||| Stepping randomly (stuck).
  8497 | D:6      | 8497 ||| Stepping randomly (stuck).
  8498 | D:6      | 8498 ||| Stepping randomly (stuck).
  8499 | D:6      | 8499 ||| Stepping randomly (stuck).
  8500 | D:6      | 8500 ||| Stepping randomly (stuck).
  8501 | D:6      | 8501 ||| Stepping randomly (stuck).
  8502 | D:6      | 8502 ||| Stepping randomly (stuck).
  8503 | D:6      | 8503 ||| Stepping randomly (stuck).
  8504 | D:6      | 8504 ||| Stepping randomly (stuck).
  8505 | D:6      | 8505 ||| Stepping randomly (stuck).
  8506 | D:6      | 8506 ||| Stepping randomly (stuck).
  8507 | D:6      | 8507 ||| Stepping randomly (stuck).
  8508 | D:6      | 8508 ||| Stepping randomly (stuck).
  8509 | D:6      | 8509 ||| Stepping randomly (stuck).
  8510 | D:6      | 8510 ||| Stepping randomly (stuck).
  8511 | D:6      | 8511 ||| Stepping randomly (stuck).
  8512 | D:6      | 8512 ||| Stepping randomly (stuck).
  8513 | D:6      | 8513 ||| Stepping randomly (stuck).
  8514 | D:6      | 8514 ||| Stepping randomly (stuck).
  8515 | D:6      | 8515 ||| Stepping randomly (stuck).
  8516 | D:6      | 8516 ||| Stepping randomly (stuck).
  8517 | D:6      | 8517 ||| Stepping randomly (stuck).
  8518 | D:6      | 8518 ||| Stepping randomly (stuck).
  8519 | D:6      | 8519 ||| Stepping randomly (stuck).
  8520 | D:6      | 8520 ||| Stepping randomly (stuck).
  8521 | D:6      | 8521 ||| Stepping randomly (stuck).
  8522 | D:6      | 8522 ||| Stepping randomly (stuck).
  8523 | D:6      | 8523 ||| Stepping randomly (stuck).
  8524 | D:6      | 8524 ||| Stepping randomly (stuck).
  8525 | D:6      | 8525 ||| Stepping randomly (stuck).
  8526 | D:6      | 8526 ||| Stepping randomly (stuck).
  8527 | D:6      | 8527 ||| Stepping randomly (stuck).
  8528 | D:6      | 8528 ||| Stepping randomly (stuck).
  8529 | D:6      | 8529 ||| Stepping randomly (stuck).
  8530 | D:6      | 8530 ||| Stepping randomly (stuck).
  8531 | D:6      | 8531 ||| Stepping randomly (stuck).
  8532 | D:6      | 8532 ||| Stepping randomly (stuck).
  8533 | D:6      | 8533 ||| Stepping randomly (stuck).
  8534 | D:6      | 8534 ||| Stepping randomly (stuck).
  8535 | D:6      | 8535 ||| Stepping randomly (stuck).
  8536 | D:6      | 8536 ||| Stepping randomly (stuck).
  8537 | D:6      | 8537 ||| Stepping randomly (stuck).
  8538 | D:6      | 8538 ||| Stepping randomly (stuck).
  8539 | D:6      | 8539 ||| Stepping randomly (stuck).
  8540 | D:6      | 8540 ||| Stepping randomly (stuck).
  8541 | D:6      | 8541 ||| Stepping randomly (stuck).
  8542 | D:6      | 8542 ||| Stepping randomly (stuck).
  8543 | D:6      | 8543 ||| Stepping randomly (stuck).
  8544 | D:6      | 8544 ||| Stepping randomly (stuck).
  8545 | D:6      | 8545 ||| Stepping randomly (stuck).
  8546 | D:6      | 8546 ||| Stepping randomly (stuck).
  8547 | D:6      | 8547 ||| Stepping randomly (stuck).
  8548 | D:6      | 8548 ||| Stepping randomly (stuck).
  8549 | D:6      | 8549 ||| Stepping randomly (stuck).
  8550 | D:6      | 8550 ||| Stepping randomly (stuck).
  8551 | D:6      | 8551 ||| Stepping randomly (stuck).
  8552 | D:6      | 8552 ||| Stepping randomly (stuck).
  8553 | D:6      | 8553 ||| Stepping randomly (stuck).
  8554 | D:6      | 8554 ||| Stepping randomly (stuck).
  8555 | D:6      | 8555 ||| Stepping randomly (stuck).
  8556 | D:6      | 8556 ||| Stepping randomly (stuck).
  8557 | D:6      | 8557 ||| Stepping randomly (stuck).
  8558 | D:6      | 8558 ||| Stepping randomly (stuck).
  8559 | D:6      | 8559 ||| Stepping randomly (stuck).
  8560 | D:6      | 8560 ||| Stepping randomly (stuck).
  8561 | D:6      | 8561 ||| Stepping randomly (stuck).
  8562 | D:6      | 8562 ||| Stepping randomly (stuck).
  8563 | D:6      | 8563 ||| Stepping randomly (stuck).
  8564 | D:6      | 8564 ||| Stepping randomly (stuck).
  8565 | D:6      | 8565 ||| Stepping randomly (stuck).
  8566 | D:6      | 8566 ||| Stepping randomly (stuck).
  8567 | D:6      | 8567 ||| Stepping randomly (stuck).
  8568 | D:6      | 8568 ||| Stepping randomly (stuck).
  8569 | D:6      | 8569 ||| Stepping randomly (stuck).
  8570 | D:6      | 8570 ||| Stepping randomly (stuck).
  8571 | D:6      | 8571 ||| Stepping randomly (stuck).
  8572 | D:6      | 8572 ||| Stepping randomly (stuck).
  8573 | D:6      | 8573 ||| Stepping randomly (stuck).
  8574 | D:6      | 8574 ||| Stepping randomly (stuck).
  8575 | D:6      | 8575 ||| Stepping randomly (stuck).
  8576 | D:6      | 8576 ||| Stepping randomly (stuck).
  8577 | D:6      | 8577 ||| Stepping randomly (stuck).
  8578 | D:6      | 8578 ||| Stepping randomly (stuck).
  8579 | D:6      | 8579 ||| Stepping randomly (stuck).
  8580 | D:6      | 8580 ||| Stepping randomly (stuck).
  8581 | D:6      | 8581 ||| Stepping randomly (stuck).
  8582 | D:6      | 8582 ||| Stepping randomly (stuck).
  8583 | D:6      | 8583 ||| Stepping randomly (stuck).
  8584 | D:6      | 8584 ||| Stepping randomly (stuck).
  8585 | D:6      | 8585 ||| Stepping randomly (stuck).
  8586 | D:6      | 8586 ||| Stepping randomly (stuck).
  8587 | D:6      | 8587 ||| Stepping randomly (stuck).
  8588 | D:6      | 8588 ||| Stepping randomly (stuck).
  8589 | D:6      | 8589 ||| Stepping randomly (stuck).
  8590 | D:6      | 8590 ||| Stepping randomly (stuck).
  8591 | D:6      | 8591 ||| Stepping randomly (stuck).
  8592 | D:6      | 8592 ||| Stepping randomly (stuck).
  8593 | D:6      | 8593 ||| Stepping randomly (stuck).
  8594 | D:6      | 8594 ||| Stepping randomly (stuck).
  8595 | D:6      | 8595 ||| Stepping randomly (stuck).
  8596 | D:6      | 8596 ||| Stepping randomly (stuck).
  8597 | D:6      | 8597 ||| Stepping randomly (stuck).
  8598 | D:6      | 8598 ||| Stepping randomly (stuck).
  8599 | D:6      | 8599 ||| Stepping randomly (stuck).
  8600 | D:6      | 8600 ||| Stepping randomly (stuck).
  8602 | D:6      | 8602 ||| Stepping randomly (stuck).
  8606 | D:6      | 8606 ||| Stepping randomly (stuck).
  8607 | D:6      | 8607 ||| Stepping randomly (stuck).
  8608 | D:6      | 8608 ||| Stepping randomly (stuck).
  8609 | D:6      | 8609 ||| Stepping randomly (stuck).
  8610 | D:6      | 8610 ||| Stepping randomly (stuck).
  8611 | D:6      | 8611 ||| Stepping randomly (stuck).
  8612 | D:6      | 8612 ||| Stepping randomly (stuck).
  8613 | D:6      | 8613 ||| Stepping randomly (stuck).
  8614 | D:6      | 8614 ||| Stepping randomly (stuck).
  8615 | D:6      | 8615 ||| Stepping randomly (stuck).
  8616 | D:6      | 8616 ||| Stepping randomly (stuck).
  8617 | D:6      | 8617 ||| Stepping randomly (stuck).
  8618 | D:6      | 8618 ||| Stepping randomly (stuck).
  8619 | D:6      | 8619 ||| Stepping randomly (stuck).
  8620 | D:6      | 8620 ||| Stepping randomly (stuck).
  8621 | D:6      | 8621 ||| Stepping randomly (stuck).
  8622 | D:6      | 8622 ||| Stepping randomly (stuck).
  8623 | D:6      | 8623 ||| Stepping randomly (stuck).
  8624 | D:6      | 8624 ||| Stepping randomly (stuck).
  8625 | D:6      | 8625 ||| Stepping randomly (stuck).
  8626 | D:6      | 8626 ||| Stepping randomly (stuck).
  8627 | D:6      | 8627 ||| Stepping randomly (stuck).
  8628 | D:6      | 8628 ||| Stepping randomly (stuck).
  8629 | D:6      | 8629 ||| Stepping randomly (stuck).
  8630 | D:6      | 8630 ||| Stepping randomly (stuck).
  8631 | D:6      | 8631 ||| Stepping randomly (stuck).
  8632 | D:6      | 8632 ||| Stepping randomly (stuck).
  8633 | D:6      | 8633 ||| Stepping randomly (stuck).
  8634 | D:6      | 8634 ||| Stepping randomly (stuck).
  8635 | D:6      | 8635 ||| Stepping randomly (stuck).
  8636 | D:6      | 8636 ||| Stepping randomly (stuck).
  8637 | D:6      | 8637 ||| Stepping randomly (stuck).
  8638 | D:6      | 8638 ||| Stepping randomly (stuck).
  8639 | D:6      | 8639 ||| Stepping randomly (stuck).
  8640 | D:6      | 8640 ||| Stepping randomly (stuck).
  8641 | D:6      | 8641 ||| Stepping randomly (stuck).
  8642 | D:6      | 8642 ||| Stepping randomly (stuck).
  8643 | D:6      | 8643 ||| Stepping randomly (stuck).
  8644 | D:6      | 8644 ||| Stepping randomly (stuck).
  8645 | D:6      | 8645 ||| Stepping randomly (stuck).
  8646 | D:6      | 8646 ||| Stepping randomly (stuck).
  8647 | D:6      | 8647 ||| Stepping randomly (stuck).
  8648 | D:6      | 8648 ||| Stepping randomly (stuck).
  8649 | D:6      | 8649 ||| Stepping randomly (stuck).
  8650 | D:6      | 8650 ||| Stepping randomly (stuck).
  8651 | D:6      | 8651 ||| Stepping randomly (stuck).
  8652 | D:6      | 8652 ||| Stepping randomly (stuck).
  8653 | D:6      | 8653 ||| Stepping randomly (stuck).
  8654 | D:6      | 8654 ||| Stepping randomly (stuck).
  8655 | D:6      | 8655 ||| Stepping randomly (stuck).
  8656 | D:6      | 8656 ||| Stepping randomly (stuck).
  8657 | D:6      | 8657 ||| Stepping randomly (stuck).
  8658 | D:6      | 8658 ||| Stepping randomly (stuck).
  8659 | D:6      | 8659 ||| Stepping randomly (stuck).
  8660 | D:6      | 8660 ||| Stepping randomly (stuck).
  8661 | D:6      | 8661 ||| Stepping randomly (stuck).
  8662 | D:6      | 8662 ||| Stepping randomly (stuck).
  8663 | D:6      | 8663 ||| Stepping randomly (stuck).
  8664 | D:6      | 8664 ||| Stepping randomly (stuck).
  8665 | D:6      | 8665 ||| Stepping randomly (stuck).
  8666 | D:6      | 8666 ||| Stepping randomly (stuck).
  8667 | D:6      | 8667 ||| Stepping randomly (stuck).
  8668 | D:6      | 8668 ||| Stepping randomly (stuck).
  8669 | D:6      | 8669 ||| Stepping randomly (stuck).
  8670 | D:6      | 8670 ||| Stepping randomly (stuck).
  8671 | D:6      | 8671 ||| Stepping randomly (stuck).
  8672 | D:6      | 8672 ||| Stepping randomly (stuck).
  8673 | D:6      | 8673 ||| Stepping randomly (stuck).
  8674 | D:6      | 8674 ||| Stepping randomly (stuck).
  8675 | D:6      | 8675 ||| Stepping randomly (stuck).
  8676 | D:6      | 8676 ||| Stepping randomly (stuck).
  8677 | D:6      | 8677 ||| Stepping randomly (stuck).
  8678 | D:6      | 8678 ||| Stepping randomly (stuck).
  8679 | D:6      | 8679 ||| Stepping randomly (stuck).
  8680 | D:6      | 8680 ||| Stepping randomly (stuck).
  8681 | D:6      | 8681 ||| Stepping randomly (stuck).
  8682 | D:6      | 8682 ||| Stepping randomly (stuck).
  8683 | D:6      | 8683 ||| Stepping randomly (stuck).
  8684 | D:6      | 8684 ||| Stepping randomly (stuck).
  8685 | D:6      | 8685 ||| Stepping randomly (stuck).
  8686 | D:6      | 8686 ||| Stepping randomly (stuck).
  8687 | D:6      | 8687 ||| Stepping randomly (stuck).
  8688 | D:6      | 8688 ||| Stepping randomly (stuck).
  8689 | D:6      | 8689 ||| Stepping randomly (stuck).
  8690 | D:6      | 8690 ||| Stepping randomly (stuck).
  8691 | D:6      | 8691 ||| Stepping randomly (stuck).
  8692 | D:6      | 8692 ||| Stepping randomly (stuck).
  8693 | D:6      | 8693 ||| Stepping randomly (stuck).
  8694 | D:6      | 8694 ||| Stepping randomly (stuck).
  8695 | D:6      | 8695 ||| Stepping randomly (stuck).
  8696 | D:6      | 8696 ||| Stepping randomly (stuck).
  8697 | D:6      | 8697 ||| Stepping randomly (stuck).
  8698 | D:6      | 8698 ||| Stepping randomly (stuck).
  8699 | D:6      | 8699 ||| Stepping randomly (stuck).
  8700 | D:6      | 8700 ||| Stepping randomly (stuck).
  8701 | D:6      | 8701 ||| Stepping randomly (stuck).
  8702 | D:6      | 8702 ||| Stepping randomly (stuck).
  8703 | D:6      | 8703 ||| Stepping randomly (stuck).
  8704 | D:6      | 8704 ||| Stepping randomly (stuck).
  8705 | D:6      | 8705 ||| Stepping randomly (stuck).
  8706 | D:6      | 8706 ||| Stepping randomly (stuck).
  8707 | D:6      | 8707 ||| Stepping randomly (stuck).
  8708 | D:6      | 8708 ||| Stepping randomly (stuck).
  8709 | D:6      | 8709 ||| Stepping randomly (stuck).
  8710 | D:6      | 8710 ||| Stepping randomly (stuck).
  8711 | D:6      | 8711 ||| Stepping randomly (stuck).
  8712 | D:6      | 8712 ||| Stepping randomly (stuck).
  8713 | D:6      | 8713 ||| Stepping randomly (stuck).
  8714 | D:6      | 8714 ||| Stepping randomly (stuck).
  8715 | D:6      | 8715 ||| Stepping randomly (stuck).
  8716 | D:6      | 8716 ||| Stepping randomly (stuck).
  8717 | D:6      | 8717 ||| Stepping randomly (stuck).
  8718 | D:6      | 8718 ||| Stepping randomly (stuck).
  8719 | D:6      | 8719 ||| Stepping randomly (stuck).
  8720 | D:6      | 8720 ||| Stepping randomly (stuck).
  8721 | D:6      | 8721 ||| Stepping randomly (stuck).
  8722 | D:6      | 8722 ||| Stepping randomly (stuck).
  8723 | D:6      | 8723 ||| Stepping randomly (stuck).
  8724 | D:6      | 8724 ||| Stepping randomly (stuck).
  8725 | D:6      | 8725 ||| Stepping randomly (stuck).
  8726 | D:6      | 8726 ||| Stepping randomly (stuck).
  8727 | D:6      | 8727 ||| Stepping randomly (stuck).
  8728 | D:6      | 8728 ||| Stepping randomly (stuck).
  8729 | D:6      | 8729 ||| Stepping randomly (stuck).
  8730 | D:6      | 8730 ||| Stepping randomly (stuck).
  8731 | D:6      | 8731 ||| Stepping randomly (stuck).
  8732 | D:6      | 8732 ||| Stepping randomly (stuck).
  8733 | D:6      | 8733 ||| Stepping randomly (stuck).
  8734 | D:6      | 8734 ||| Stepping randomly (stuck).
  8735 | D:6      | 8735 ||| Stepping randomly (stuck).
  8736 | D:6      | 8736 ||| Stepping randomly (stuck).
  8737 | D:6      | 8737 ||| Stepping randomly (stuck).
  8738 | D:6      | 8738 ||| Stepping randomly (stuck).
  8739 | D:6      | 8739 ||| Stepping randomly (stuck).
  8740 | D:6      | 8740 ||| Stepping randomly (stuck).
  8741 | D:6      | 8741 ||| Stepping randomly (stuck).
  8742 | D:6      | 8742 ||| Stepping randomly (stuck).
  8743 | D:6      | 8743 ||| Stepping randomly (stuck).
  8744 | D:6      | 8744 ||| Stepping randomly (stuck).
  8745 | D:6      | 8745 ||| Stepping randomly (stuck).
  8746 | D:6      | 8746 ||| Stepping randomly (stuck).
  8747 | D:6      | 8747 ||| Stepping randomly (stuck).
  8748 | D:6      | 8748 ||| Stepping randomly (stuck).
  8749 | D:6      | 8749 ||| Stepping randomly (stuck).
  8750 | D:6      | 8750 ||| Stepping randomly (stuck).
  8751 | D:6      | 8751 ||| Stepping randomly (stuck).
  8752 | D:6      | 8752 ||| Stepping randomly (stuck).
  8753 | D:6      | 8753 ||| Stepping randomly (stuck).
  8754 | D:6      | 8754 ||| Stepping randomly (stuck).
  8755 | D:6      | 8755 ||| Stepping randomly (stuck).
  8756 | D:6      | 8756 ||| Stepping randomly (stuck).
  8757 | D:6      | 8757 ||| Stepping randomly (stuck).
  8758 | D:6      | 8758 ||| Stepping randomly (stuck).
  8759 | D:6      | 8759 ||| Stepping randomly (stuck).
  8760 | D:6      | 8760 ||| Stepping randomly (stuck).
  8761 | D:6      | 8761 ||| Stepping randomly (stuck).
  8762 | D:6      | 8762 ||| Stepping randomly (stuck).
  8763 | D:6      | 8763 ||| Stepping randomly (stuck).
  8764 | D:6      | 8764 ||| Stepping randomly (stuck).
  8765 | D:6      | 8765 ||| Stepping randomly (stuck).
  8766 | D:6      | 8766 ||| Stepping randomly (stuck).
  8767 | D:6      | 8767 ||| Stepping randomly (stuck).
  8768 | D:6      | 8768 ||| Stepping randomly (stuck).
  8769 | D:6      | 8769 ||| Stepping randomly (stuck).
  8770 | D:6      | 8770 ||| Stepping randomly (stuck).
  8771 | D:6      | 8771 ||| Stepping randomly (stuck).
  8772 | D:6      | 8772 ||| Stepping randomly (stuck).
  8773 | D:6      | 8773 ||| Stepping randomly (stuck).
  8774 | D:6      | 8774 ||| Stepping randomly (stuck).
  8775 | D:6      | 8775 ||| Stepping randomly (stuck).
  8776 | D:6      | 8776 ||| Stepping randomly (stuck).
  8777 | D:6      | 8777 ||| Stepping randomly (stuck).
  8778 | D:6      | 8778 ||| Stepping randomly (stuck).
  8779 | D:6      | 8779 ||| Stepping randomly (stuck).
  8780 | D:6      | 8780 ||| Stepping randomly (stuck).
  8781 | D:6      | 8781 ||| Stepping randomly (stuck).
  8782 | D:6      | 8782 ||| Stepping randomly (stuck).
  8783 | D:6      | 8783 ||| Stepping randomly (stuck).
  8784 | D:6      | 8784 ||| Stepping randomly (stuck).
  8785 | D:6      | 8785 ||| Stepping randomly (stuck).
  8786 | D:6      | 8786 ||| Stepping randomly (stuck).
  8787 | D:6      | 8787 ||| Stepping randomly (stuck).
  8788 | D:6      | 8788 ||| Stepping randomly (stuck).
  8789 | D:6      | 8789 ||| Stepping randomly (stuck).
  8790 | D:6      | 8790 ||| Stepping randomly (stuck).
  8791 | D:6      | 8791 ||| Stepping randomly (stuck).
  8792 | D:6      | 8792 ||| Stepping randomly (stuck).
  8793 | D:6      | 8793 ||| Stepping randomly (stuck).
  8794 | D:6      | 8794 ||| Stepping randomly (stuck).
  8795 | D:6      | 8795 ||| Stepping randomly (stuck).
  8796 | D:6      | 8796 ||| Stepping randomly (stuck).
  8797 | D:6      | 8797 ||| Stepping randomly (stuck).
  8798 | D:6      | 8798 ||| Stepping randomly (stuck).
  8799 | D:6      | 8799 ||| Stepping randomly (stuck).
  8800 | D:6      | 8800 ||| Stepping randomly (stuck).
  8801 | D:6      | 8801 ||| Stepping randomly (stuck).
  8802 | D:6      | 8802 ||| Stepping randomly (stuck).
  8803 | D:6      | 8803 ||| Stepping randomly (stuck).
  8804 | D:6      | 8804 ||| Stepping randomly (stuck).
  8805 | D:6      | 8805 ||| Stepping randomly (stuck).
  8806 | D:6      | 8806 ||| Stepping randomly (stuck).
  8807 | D:6      | 8807 ||| Stepping randomly (stuck).
  8808 | D:6      | 8808 ||| Stepping randomly (stuck).
  8809 | D:6      | 8809 ||| Stepping randomly (stuck).
  8810 | D:6      | 8810 ||| Stepping randomly (stuck).
  8811 | D:6      | 8811 ||| Stepping randomly (stuck).
  8812 | D:6      | 8812 ||| Stepping randomly (stuck).
  8813 | D:6      | 8813 ||| Stepping randomly (stuck).
  8814 | D:6      | 8814 ||| Stepping randomly (stuck).
  8815 | D:6      | 8815 ||| Stepping randomly (stuck).
  8816 | D:6      | 8816 ||| Stepping randomly (stuck).
  8817 | D:6      | 8817 ||| Stepping randomly (stuck).
  8818 | D:6      | 8818 ||| Stepping randomly (stuck).
  8819 | D:6      | 8819 ||| Stepping randomly (stuck).
  8820 | D:6      | 8820 ||| Stepping randomly (stuck).
  8821 | D:6      | 8821 ||| Stepping randomly (stuck).
  8822 | D:6      | 8822 ||| Stepping randomly (stuck).
  8823 | D:6      | 8823 ||| Stepping randomly (stuck).
  8824 | D:6      | 8824 ||| Stepping randomly (stuck).
  8825 | D:6      | 8825 ||| Stepping randomly (stuck).
  8826 | D:6      | 8826 ||| Stepping randomly (stuck).
  8827 | D:6      | 8827 ||| Stepping randomly (stuck).
  8828 | D:6      | 8828 ||| Stepping randomly (stuck).
  8829 | D:6      | 8829 ||| Stepping randomly (stuck).
  8830 | D:6      | 8830 ||| Stepping randomly (stuck).
  8831 | D:6      | 8831 ||| Stepping randomly (stuck).
  8832 | D:6      | 8832 ||| Stepping randomly (stuck).
  8833 | D:6      | 8833 ||| Stepping randomly (stuck).
  8834 | D:6      | 8834 ||| Stepping randomly (stuck).
  8835 | D:6      | 8835 ||| Stepping randomly (stuck).
  8836 | D:6      | 8836 ||| Stepping randomly (stuck).
  8837 | D:6      | 8837 ||| Stepping randomly (stuck).
  8838 | D:6      | 8838 ||| Stepping randomly (stuck).
  8839 | D:6      | 8839 ||| Stepping randomly (stuck).
  8840 | D:6      | 8840 ||| Stepping randomly (stuck).
  8841 | D:6      | 8841 ||| Stepping randomly (stuck).
  8842 | D:6      | 8842 ||| Stepping randomly (stuck).
  8843 | D:6      | 8843 ||| Stepping randomly (stuck).
  8844 | D:6      | 8844 ||| Stepping randomly (stuck).
  8845 | D:6      | 8845 ||| Stepping randomly (stuck).
  8846 | D:6      | 8846 ||| Stepping randomly (stuck).
  8847 | D:6      | 8847 ||| Stepping randomly (stuck).
  8848 | D:6      | 8848 ||| Stepping randomly (stuck).
  8849 | D:6      | 8849 ||| Stepping randomly (stuck).
  8850 | D:6      | 8850 ||| Stepping randomly (stuck).
  8851 | D:6      | 8851 ||| Stepping randomly (stuck).
  8852 | D:6      | 8852 ||| Stepping randomly (stuck).
  8853 | D:6      | 8853 ||| Stepping randomly (stuck).
  8854 | D:6      | 8854 ||| Stepping randomly (stuck).
  8855 | D:6      | 8855 ||| Stepping randomly (stuck).
  8856 | D:6      | 8856 ||| Stepping randomly (stuck).
  8857 | D:6      | 8857 ||| Stepping randomly (stuck).
  8858 | D:6      | 8858 ||| Stepping randomly (stuck).
  8859 | D:6      | 8859 ||| Stepping randomly (stuck).
  8860 | D:6      | 8860 ||| Stepping randomly (stuck).
  8861 | D:6      | 8861 ||| Stepping randomly (stuck).
  8862 | D:6      | 8862 ||| Stepping randomly (stuck).
  8863 | D:6      | 8863 ||| Stepping randomly (stuck).
  8864 | D:6      | 8864 ||| Stepping randomly (stuck).
  8865 | D:6      | 8865 ||| Stepping randomly (stuck).
  8866 | D:6      | 8866 ||| Stepping randomly (stuck).
  8867 | D:6      | 8867 ||| Stepping randomly (stuck).
  8868 | D:6      | 8868 ||| Stepping randomly (stuck).
  8869 | D:6      | 8869 ||| Stepping randomly (stuck).
  8870 | D:6      | 8870 ||| Stepping randomly (stuck).
  8871 | D:6      | 8871 ||| Stepping randomly (stuck).
  8872 | D:6      | 8872 ||| Stepping randomly (stuck).
  8873 | D:6      | 8873 ||| Stepping randomly (stuck).
  8874 | D:6      | 8874 ||| Stepping randomly (stuck).
  8875 | D:6      | 8875 ||| Stepping randomly (stuck).
  8876 | D:6      | 8876 ||| Stepping randomly (stuck).
  8877 | D:6      | 8877 ||| Stepping randomly (stuck).
  8878 | D:6      | 8878 ||| Stepping randomly (stuck).
  8879 | D:6      | 8879 ||| Stepping randomly (stuck).
  8880 | D:6      | 8880 ||| Stepping randomly (stuck).
  8881 | D:6      | 8881 ||| Stepping randomly (stuck).
  8882 | D:6      | 8882 ||| Stepping randomly (stuck).
  8883 | D:6      | 8883 ||| Stepping randomly (stuck).
  8884 | D:6      | 8884 ||| Stepping randomly (stuck).
  8885 | D:6      | 8885 ||| Stepping randomly (stuck).
  8886 | D:6      | 8886 ||| Stepping randomly (stuck).
  8887 | D:6      | 8887 ||| Stepping randomly (stuck).
  8888 | D:6      | 8888 ||| Stepping randomly (stuck).
  8889 | D:6      | 8889 ||| Stepping randomly (stuck).
  8890 | D:6      | 8890 ||| Stepping randomly (stuck).
  8891 | D:6      | 8891 ||| Stepping randomly (stuck).
  8892 | D:6      | 8892 ||| Stepping randomly (stuck).
  8893 | D:6      | 8893 ||| Stepping randomly (stuck).
  8894 | D:6      | 8894 ||| Stepping randomly (stuck).
  8895 | D:6      | 8895 ||| Stepping randomly (stuck).
  8896 | D:6      | 8896 ||| Stepping randomly (stuck).
  8898 | D:6      | 8898 ||| Stepping randomly (stuck).
  8899 | D:6      | 8899 ||| Stepping randomly (stuck).
  8900 | D:6      | 8900 ||| Stepping randomly (stuck).
  8902 | D:6      | 8902 ||| Stepping randomly (stuck).
  8905 | D:6      | 8905 ||| Stepping randomly (stuck).
  8906 | D:6      | 8906 ||| Stepping randomly (stuck).
  8907 | D:6      | 8907 ||| Stepping randomly (stuck).
  8908 | D:6      | 8908 ||| Stepping randomly (stuck).
  8909 | D:6      | 8909 ||| Stepping randomly (stuck).
  8910 | D:6      | 8910 ||| Stepping randomly (stuck).
  8911 | D:6      | 8911 ||| Stepping randomly (stuck).
  8912 | D:6      | 8912 ||| Stepping randomly (stuck).
  8913 | D:6      | 8913 ||| Stepping randomly (stuck).
  8914 | D:6      | 8914 ||| Stepping randomly (stuck).
  8915 | D:6      | 8915 ||| Stepping randomly (stuck).
  8916 | D:6      | 8916 ||| Stepping randomly (stuck).
  8917 | D:6      | 8917 ||| Stepping randomly (stuck).
  8918 | D:6      | 8918 ||| Stepping randomly (stuck).
  8919 | D:6      | 8919 ||| Stepping randomly (stuck).
  8920 | D:6      | 8920 ||| Stepping randomly (stuck).
  8921 | D:6      | 8921 ||| Stepping randomly (stuck).
  8922 | D:6      | 8922 ||| Stepping randomly (stuck).
  8923 | D:6      | 8923 ||| Stepping randomly (stuck).
  8924 | D:6      | 8924 ||| Stepping randomly (stuck).
  8925 | D:6      | 8925 ||| Stepping randomly (stuck).
  8926 | D:6      | 8926 ||| Stepping randomly (stuck).
  8927 | D:6      | 8927 ||| Stepping randomly (stuck).
  8928 | D:6      | 8928 ||| Stepping randomly (stuck).
  8929 | D:6      | 8929 ||| Stepping randomly (stuck).
  8930 | D:6      | 8930 ||| Stepping randomly (stuck).
  8931 | D:6      | 8931 ||| Stepping randomly (stuck).
  8932 | D:6      | 8932 ||| Stepping randomly (stuck).
  8933 | D:6      | 8933 ||| Stepping randomly (stuck).
  8934 | D:6      | 8934 ||| Stepping randomly (stuck).
  8935 | D:6      | 8935 ||| Stepping randomly (stuck).
  8936 | D:6      | 8936 ||| Stepping randomly (stuck).
  8937 | D:6      | 8937 ||| Stepping randomly (stuck).
  8938 | D:6      | 8938 ||| Stepping randomly (stuck).
  8939 | D:6      | 8939 ||| Stepping randomly (stuck).
  8940 | D:6      | 8940 ||| Stepping randomly (stuck).
  8941 | D:6      | 8941 ||| Stepping randomly (stuck).
  8942 | D:6      | 8942 ||| Stepping randomly (stuck).
  8943 | D:6      | 8943 ||| Stepping randomly (stuck).
  8944 | D:6      | 8944 ||| Stepping randomly (stuck).
  8945 | D:6      | 8945 ||| Stepping randomly (stuck).
  8946 | D:6      | 8946 ||| Stepping randomly (stuck).
  8947 | D:6      | 8947 ||| Stepping randomly (stuck).
  8948 | D:6      | 8948 ||| Stepping randomly (stuck).
  8949 | D:6      | 8949 ||| Stepping randomly (stuck).
  8950 | D:6      | 8950 ||| Stepping randomly (stuck).
  8951 | D:6      | 8951 ||| Stepping randomly (stuck).
  8952 | D:6      | 8952 ||| Stepping randomly (stuck).
  8953 | D:6      | 8953 ||| Stepping randomly (stuck).
  8954 | D:6      | 8954 ||| Stepping randomly (stuck).
  8955 | D:6      | 8955 ||| Stepping randomly (stuck).
  8956 | D:6      | 8956 ||| Stepping randomly (stuck).
  8957 | D:6      | 8957 ||| Stepping randomly (stuck).
  8958 | D:6      | 8958 ||| Stepping randomly (stuck).
  8959 | D:6      | 8959 ||| Stepping randomly (stuck).
  8960 | D:6      | 8960 ||| Stepping randomly (stuck).
  8961 | D:6      | 8961 ||| Stepping randomly (stuck).
  8962 | D:6      | 8962 ||| Stepping randomly (stuck).
  8963 | D:6      | 8963 ||| Stepping randomly (stuck).
  8964 | D:6      | 8964 ||| Stepping randomly (stuck).
  8965 | D:6      | 8965 ||| Stepping randomly (stuck).
  8966 | D:6      | 8966 ||| Stepping randomly (stuck).
  8967 | D:6      | 8967 ||| Stepping randomly (stuck).
  8968 | D:6      | 8968 ||| Stepping randomly (stuck).
  8969 | D:6      | 8969 ||| Stepping randomly (stuck).
  8970 | D:6      | 8970 ||| Stepping randomly (stuck).
  8971 | D:6      | 8971 ||| Stepping randomly (stuck).
  8972 | D:6      | 8972 ||| Stepping randomly (stuck).
  8973 | D:6      | 8973 ||| Stepping randomly (stuck).
  8974 | D:6      | 8974 ||| Stepping randomly (stuck).
  8975 | D:6      | 8975 ||| Stepping randomly (stuck).
  8976 | D:6      | 8976 ||| Stepping randomly (stuck).
  8977 | D:6      | 8977 ||| Stepping randomly (stuck).
  8978 | D:6      | 8978 ||| Stepping randomly (stuck).
  8979 | D:6      | 8979 ||| Stepping randomly (stuck).
  8980 | D:6      | 8980 ||| Stepping randomly (stuck).
  8981 | D:6      | 8981 ||| Stepping randomly (stuck).
  8993 | D:6      | 8993 ||| INVOKING Heroism.
  9006 | D:6      | Reached XP level 9. HP: 45/54 MP: 10/12
  9138 | D:7      | 9138 ||| Stepping ~*~*~tactically~*~*~ (stealth).
  9141 | D:7      | 9141 ||| Stepping ~*~*~tactically~*~*~ (stealth).
  9143 | D:7      | 9143 ||| Stepping ~*~*~tactically~*~*~ (stealth).
  9156 | D:7      | Reached skill level 6 in Fighting
  9260 | D:7      | 9260 ||| INVOKING Heroism.
  9284 | D:7      | 9284 ||| Stepping ~*~*~tactically~*~*~ (stealth).
  9294 | D:7      | Noticed Pikel
  9298 | D:7      | 9298 ||| INVOKING Heroism.
  9302 | D:7      | Killed Pikel
  9303 | D:7      | Reached skill level 9 in Axes
  9501 | D:7      | 9501 ||| Stepping ~*~*~tactically~*~*~ (hiding).
  9503 | D:7      | 9503 ||| Stepping ~*~*~tactically~*~*~ (hiding).
  9829 | D:7      | Noticed Duvessa
  9830 | D:7      | Noticed Dowan
  9831 | D:7      | 9831 ||| Stepping ~*~*~tactically~*~*~ (hiding).
  9832 | D:7      | 9832 ||| INVOKING Heroism.
  9842 | D:7      | Killed Duvessa
  9843 | D:7      | Reached skill level 4 in Shields
  9844 | D:7      | Killed Dowan
  9912 | D:7      | 9912 ||| INVOKING Heroism.
  9968 | D:7      | 9968 ||| Stepping ~*~*~tactically~*~*~ (stealth).
  9970 | D:7      | 9970 ||| INVOKING Heroism.
 10206 | D:7      | 10206 ||| UPGRADING to +0 plate armour.
 10216 | D:7      | 10216 ||| DROPPING +0 chain mail.
 10217 | D:7      | 10217 ||| DROPPING +2 chain mail of poison resistance.
 10218 | D:7      | 10218 ||| READING 3 scrolls of identify.
 10218 | D:7      | 10218 ||| IDENTIFYING puce potion
 10219 | D:7      | 10219 ||| READING 2 scrolls of identify.
 10219 | D:7      | 10219 ||| IDENTIFYING lumpy ruby potion
 10230 | D:8      | 10230 ||| Stepping randomly (disturbance).
 10231 | D:8      | 10231 ||| Stepping randomly (disturbance).
 10285 | D:8      | HP: 14/57 [something (8)]
 10291 | D:8      | HP: 11/57 [something (4)]
 10294 | D:8      | HP: 5/57 [something (7)]
 10295 | D:8      | Killed an unseen horror
 10295 | D:8      | Reached *** piety under Okawaru
 10296 | D:8      | Reached skill level 6 in Armour
 10568 | D:8      | Found a staircase to the Lair.
 10574 | D:8      | 10574 ||| Stepping ~*~*~tactically~*~*~ (stealth).
 10578 | D:8      | 10578 ||| INVOKING Heroism.
 10723 | D:8      | Reached XP level 10. HP: 63/63 MP: 13/13
 10927 | D:8      | 10927 ||| Stepping ~*~*~tactically~*~*~ (stealth).
 10938 | D:8      | 10938 ||| Stepping ~*~*~tactically~*~*~ (hiding).
 10942 | D:8      | Noticed a centaur warrior
 10943 | D:8      | 10943 ||| INVOKING Heroism.
 10944 | D:8      | Noticed Psyche
 10957 | D:8      | Killed a centaur warrior
 10963 | D:8      | Killed Psyche
 10969 | D:8      | 10969 ||| FLEEEEING.
 10977 | D:8      | 10977 ||| INVOKING Heroism.
 11328 | D:8      | 11328 ||| PLANNING LAIR
 11328 | D:8      | 11328 ||| DROPPING +0 chain mail of poison resistance.
 11329 | D:8      | 11329 ||| UPGRADING to amulet of regeneration.
 11339 | D:8      | 11339 ||| DROPPING amulet of the acrobat.
 11340 | D:8      | 11340 ||| UPGRADING to ring of protection from fire.
 11341 | D:8      | 11341 ||| UPGRADING to +6 ring of dexterity.
 11343 | D:8      | 11343 ||| READING scroll labelled IMMACK QAOBLIHAP.
 11369 | Lair:1   | Entered Level 1 of the Lair of Beasts
 11370 | Lair:1   | 11370 ||| PLANNING GAUNTLET
 11425 | Lair:1   | Noticed a death yak
 11426 | Lair:1   | 11426 ||| INVOKING Heroism.
 11426 | Lair:1   | Noticed a death yak
 11426 | Lair:1   | Noticed a death yak
 11436 | Lair:1   | Killed a death yak
 11437 | Lair:1   | Reached skill level 3 in Throwing
 11443 | Lair:1   | Killed a death yak
 11443 | Lair:1   | Received a gift from Okawaru
 11446 | Lair:1   | Killed a death yak
 11446 | Lair:1   | Reached **** piety under Okawaru
 11447 | Lair:1   | Reached skill level 5 in Shields
 11495 | Lair:1   | Noticed a cane toad
 11496 | Lair:1   | 11496 ||| INVOKING Heroism.
 11500 | Lair:1   | Killed a cane toad
 11525 | Lair:1   | Reached XP level 11. HP: 68/68 MP: 14/14
 11546 | Lair:1   | Noticed a catoblepas
 11547 | Lair:1   | 11547 ||| Stepping ~*~*~tactically~*~*~ (hiding).
 11548 | Lair:1   | 11548 ||| Stepping ~*~*~tactically~*~*~ (hiding).
 11553 | Lair:1   | 11553 ||| INVOKING Heroism.
 11563 | Lair:1   | Killed a catoblepas
 11668 | Lair:1   | 11668 ||| Stepping ~*~*~tactically~*~*~ (stealth).
 11669 | Lair:1   | 11669 ||| INVOKING Heroism.
 11681 | Lair:1   | Reached ***** piety under Okawaru
 11701 | Lair:1   | 11701 ||| Stepping ~*~*~tactically~*~*~ (hiding).
 11717 | Lair:1   | Reached skill level 6 in Invocations
 11719 | Lair:1   | 11719 ||| DROPPING +0 flail.
 11729 | Lair:1   | 11729 ||| INVOKING Heroism.
 11846 | Lair:1   | 11846 ||| RIP GAUNTLET
 11936 | Lair:1   | 11936 ||| PLANNING LAIR
 12043 | Lair:1   | 12043 ||| INVOKING Heroism.
 12076 | Lair:1   | Noticed Amaemon
 12077 | Lair:1   | 12077 ||| Stepping ~*~*~tactically~*~*~ (hiding).
 12081 | Lair:1   | 12081 ||| INVOKING Heroism.
 12093 | Lair:1   | Paralysed by Amaemon for 5 turns
 12104 | Lair:1   | Killed Amaemon
 12115 | Lair:1   | 12115 ||| Stepping ~*~*~tactically~*~*~ (stealth).
 12124 | Lair:1   | 12124 ||| INVOKING Heroism.
 12136 | Lair:1   | Reached skill level 9 in Fighting
 12162 | Lair:1   | 12162 ||| DROPPING +0 morningstar.
 12170 | Lair:1   | 12170 ||| Stepping ~*~*~tactically~*~*~ (stealth).
 12176 | Lair:1   | 12176 ||| INVOKING Heroism.
 12229 | Lair:1   | 12229 ||| Stepping ~*~*~tactically~*~*~ (stealth).
 12313 | Lair:1   | 12313 ||| INVOKING Heroism.
 12406 | Lair:1   | 12406 ||| UPGRADING to +6 ring of strength.
 12408 | Lair:1   | 12408 ||| DROPPING ring of willpower.
 12501 | Lair:2   | 12501 ||| INVOKING Heroism.
 12562 | Lair:2   | 12562 ||| Stepping ~*~*~tactically~*~*~ (stealth).
 12563 | Lair:2   | 12563 ||| Stepping ~*~*~tactically~*~*~ (stealth).
 12602 | Lair:2   | 12602 ||| INVOKING Heroism.
 12610 | Lair:2   | Reached XP level 12. HP: 74/76 MP: 16/18
 12636 | Lair:2   | Reached skill level 9 in Invocations
 12637 | Lair:2   | Found a hole to the Spider Nest.
 12638 | Lair:2   | 12638 ||| Stepping ~*~*~tactically~*~*~ (stealth).
 12642 | Lair:2   | 12642 ||| INVOKING Heroism.
 12745 | Lair:2   | 12745 ||| INVOKING Heroism.
 12766 | Lair:2   | Identified the +0 robe of the Five Artists {Str+4} (Okawaru
                  | gifted it to you on level 2 of the Lair of Beasts)
 12766 | Lair:2   | Received a gift from Okawaru
 12973 | Lair:2   | 12973 ||| INVOKING Heroism.
 13083 | Lair:2   | 13083 ||| READING scroll of enchant weapon.
 13083 | Lair:2   | 13083 ||| ENCHANTING +1 war axe of electrocution.
 13224 | Lair:2   | 13224 ||| Stepping ~*~*~tactically~*~*~ (stealth).
 13225 | Lair:2   | 13225 ||| INVOKING Heroism.
 13436 | Lair:2   | 13436 ||| UPGRADING to amulet of reflection.
 13446 | Lair:2   | 13446 ||| DROPPING amulet of regeneration.
 13447 | Lair:2   | 13447 ||| READING scroll labelled MYUGIL GUWITAX.
 13448 | Lair:2   | 13448 ||| DRINKING 2 bubbling purple potions.
 13549 | Lair:2   | 13549 ||| DROPPING potion of ambrosia.
 13621 | Lair:3   | 13621 ||| READING scroll of enchant armour.
 13621 | Lair:3   | 13621 ||| ENCHANTING +1 helmet.
 13657 | Lair:3   | Noticed a boulder beetle
 13658 | Lair:3   | 13658 ||| INVOKING Heroism.
 13659 | Lair:3   | 13659 ||| INVOKING Finesse.
 13665 | Lair:3   | Reached skill level 12 in Axes
 13686 | Lair:3   | Killed a boulder beetle
 13687 | Lair:3   | Reached skill level 6 in Shields
 13824 | Lair:3   | 13824 ||| INVOKING Heroism.
 14062 | Lair:3   | 14062 ||| Stepping ~*~*~tactically~*~*~ (stealth).
 14063 | Lair:3   | 14063 ||| Stepping ~*~*~tactically~*~*~ (stealth).
 14065 | Lair:3   | 14065 ||| Stepping ~*~*~tactically~*~*~ (stealth).
 14073 | Lair:3   | 14073 ||| Stepping ~*~*~tactically~*~*~ (stealth).
 14074 | Lair:3   | 14074 ||| INVOKING Heroism.
 14180 | Lair:3   | Found a staircase to the Swamp.
 14328 | Lair:3   | 14328 ||| INVOKING Heroism.
 14439 | Lair:3   | Identified the +5 mace of Irritation {drain, rC+ rN+ Int+4}
 14915 | Lair:4   | 14915 ||| STAIRDANCE
 14954 | Lair:4   | 14954 ||| SWAPPING to +2 vorpal broad axe.
 14955 | Lair:4   | 14955 ||| DROPPING +2 war axe of electrocution.
 14958 | Lair:4   | Noticed Snorg
 14959 | Lair:4   | 14959 ||| INVOKING Heroism.
 14960 | Lair:4   | 14960 ||| INVOKING Finesse.
 14960 | Lair:4   | Noticed a seven-headed hydra
 14966 | Lair:4   | 14966 ||| SWAPPING to +0 demon whip of venom.
 14971 | Lair:4   | 14971 ||| Stepping ~*~*~tactically~*~*~ (outnumbered).
 14972 | Lair:4   | 14972 ||| Stepping ~*~*~tactically~*~*~ (outnumbered).
 14973 | Lair:4   | 14973 ||| Stepping ~*~*~tactically~*~*~ (outnumbered).
 14974 | Lair:4   | 14974 ||| Stepping ~*~*~tactically~*~*~ (outnumbered).
 14975 | Lair:4   | 14975 ||| Stepping ~*~*~tactically~*~*~ (outnumbered).
 14976 | Lair:4   | 14976 ||| Stepping ~*~*~tactically~*~*~ (outnumbered).
 14977 | Lair:4   | 14977 ||| Stepping ~*~*~tactically~*~*~ (outnumbered).
 14978 | Lair:4   | 14978 ||| Stepping ~*~*~tactically~*~*~ (outnumbered).
 14979 | Lair:4   | 14979 ||| Stepping ~*~*~tactically~*~*~ (outnumbered).
 14980 | Lair:4   | 14980 ||| Stepping ~*~*~tactically~*~*~ (outnumbered).
 14981 | Lair:4   | 14981 ||| Stepping ~*~*~tactically~*~*~ (outnumbered).
 14982 | Lair:4   | 14982 ||| Stepping ~*~*~tactically~*~*~ (outnumbered).
 14984 | Lair:4   | 14984 ||| Stepping ~*~*~tactically~*~*~ (outnumbered).
 14984 | Lair:4   | HP: 19/77 [seven-headed hydra (7)]
 14985 | Lair:4   | 14985 ||| READING scroll of teleportation.
 14986 | Lair:4   | 14986 ||| DRINKING 4 potions of heal wounds.
 14987 | Lair:4   | 14987 ||| Stepping ~*~*~tactically~*~*~ (outnumbered).
 14988 | Lair:4   | 14988 ||| Stepping ~*~*~tactically~*~*~ (outnumbered).
 14989 | Lair:4   | 14989 ||| SWAPPING to +2 vorpal broad axe.
 15010 | Lair:4   | 15010 ||| INVOKING Heroism.
 15165 | Lair:4   | You fall into a shaft and drop 1 floor!
 15165 | Lair:5   | Entered Level 5 of the Lair of Beasts
 15275 | Lair:5   | 15275 ||| Stepping ~*~*~tactically~*~*~ (stealth).
 15276 | Lair:5   | 15276 ||| INVOKING Heroism.
 15357 | Lair:5   | Received a gift from Okawaru
 15358 | Lair:5   | Reached skill level 9 in Armour
 15382 | Lair:5   | 15382 ||| INVOKING Heroism.
 15384 | Lair:5   | 15384 ||| Stepping ~*~*~tactically~*~*~ (stealth).
 15385 | Lair:5   | 15385 ||| Stepping ~*~*~tactically~*~*~ (stealth).
 15386 | Lair:5   | 15386 ||| Stepping ~*~*~tactically~*~*~ (stealth).
 15387 | Lair:5   | 15387 ||| Stepping ~*~*~tactically~*~*~ (stealth).
 15387 | Lair:5   | Noticed an eight-headed hydra
 15388 | Lair:5   | 15388 ||| INVOKING Finesse.
 15391 | Lair:5   | Reached XP level 13. HP: 74/82 MP: 13/20
 15393 | Lair:5   | 15393 ||| SWAPPING to +0 demon whip of venom.
 15402 | Lair:5   | 15402 ||| Stepping ~*~*~tactically~*~*~ (outnumbered).
 15403 | Lair:5   | 15403 ||| Stepping ~*~*~tactically~*~*~ (outnumbered).
 15415 | Lair:5   | 15415 ||| SWAPPING to +2 vorpal broad axe.
 15417 | Lair:5   | Received a gift from Okawaru
 15473 | Lair:5   | 15473 ||| INVOKING Heroism.
 15623 | Lair:5   | 15623 ||| READING 5 scrolls of identify.
 15623 | Lair:5   | 15623 ||| IDENTIFYING dark potion
 15624 | Lair:5   | 15624 ||| DROPPING potion of flight.
 15654 | Lair:4   | 15654 ||| INVOKING Heroism.
 15655 | Lair:4   | 15655 ||| INVOKING Finesse.
 15663 | Lair:4   | Killed Snorg
 15673 | Lair:4   | 15673 ||| Stepping ~*~*~tactically~*~*~ (stealth).
 15713 | Lair:4   | 15713 ||| Stepping ~*~*~tactically~*~*~ (stealth).
 15714 | Lair:4   | 15714 ||| Stepping ~*~*~tactically~*~*~ (stealth).
 15715 | Lair:4   | 15715 ||| Stepping ~*~*~tactically~*~*~ (stealth).
 15716 | Lair:4   | 15716 ||| Stepping ~*~*~tactically~*~*~ (stealth).
 15717 | Lair:4   | 15717 ||| Stepping ~*~*~tactically~*~*~ (stealth).
 15718 | Lair:4   | 15718 ||| Stepping ~*~*~tactically~*~*~ (stealth).
 15719 | Lair:4   | 15719 ||| INVOKING Heroism.
 15771 | Lair:4   | 15771 ||| Stepping ~*~*~tactically~*~*~ (stealth).
 15772 | Lair:4   | 15772 ||| INVOKING Heroism.
 15778 | Lair:4   | 15778 ||| SWAPPING to +0 demon whip of venom.
 15779 | Lair:4   | 15779 ||| INVOKING Finesse.
 15784 | Lair:4   | 15784 ||| SWAPPING to +2 vorpal broad axe.
 15805 | Lair:4   | Reached skill level 7 in Shields
 15813 | Lair:4   | Reached ****** piety under Okawaru
 15816 | Lair:4   | Identified the +1 buckler "Sosucud" {*Corrode rC+ Str+2
                  | Int+2} (Okawaru gifted it to you on level 4 of the Lair of
                  | Beasts)
 15816 | Lair:4   | Received a gift from Okawaru
 15873 | Lair:4   | 15873 ||| INVOKING Heroism.
 15874 | Lair:4   | 15874 ||| INVOKING Finesse.
 15879 | Lair:4   | 15879 ||| SWAPPING to +0 demon whip of venom.
 15881 | Lair:4   | 15881 ||| SWAPPING to +2 vorpal broad axe.
 15940 | Lair:4   | 15940 ||| Stepping ~*~*~tactically~*~*~ (stealth).
 16072 | Lair:4   | 16072 ||| INVOKING Heroism.
 16168 | Lair:4   | 16168 ||| INVOKING Heroism.
 16371 | Lair:4   | 16371 ||| UPGRADING to +0 pair of gloves.
 16376 | Lair:4   | 16376 ||| UPGRADING to +1 buckler "Sosucud" {*Corrode rC+
                  | Str+2 Int+2}.
 16386 | Lair:4   | 16386 ||| DROPPING +0 buckler.
 16429 | Lair:5   | 16429 ||| Stepping ~*~*~tactically~*~*~ (stealth).
 16430 | Lair:5   | 16430 ||| Stepping ~*~*~tactically~*~*~ (stealth).
 16436 | Lair:5   | 16436 ||| INVOKING Heroism.
 16455 | Lair:5   | 16455 ||| Stepping ~*~*~tactically~*~*~ (stealth).
 16533 | Lair:5   | 16533 ||| Stepping ~*~*~tactically~*~*~ (hiding).
 16534 | Lair:5   | 16534 ||| Stepping ~*~*~tactically~*~*~ (hiding).
 16535 | Lair:5   | 16535 ||| Stepping ~*~*~tactically~*~*~ (hiding).
 16536 | Lair:5   | 16536 ||| Stepping ~*~*~tactically~*~*~ (hiding).
 16537 | Lair:5   | 16537 ||| INVOKING Heroism.
 16538 | Lair:5   | 16538 ||| INVOKING Finesse.
 16701 | Lair:5   | 16701 ||| Stepping ~*~*~tactically~*~*~ (stealth).
 16702 | Lair:5   | 16702 ||| Stepping ~*~*~tactically~*~*~ (stealth).
 16703 | Lair:5   | 16703 ||| Stepping ~*~*~tactically~*~*~ (stealth).
 16704 | Lair:5   | 16704 ||| INVOKING Heroism.
 16709 | Lair:5   | Reached skill level 15 in Axes
 16713 | Lair:5   | Gained mutation: Your large and strong wings let you fly.
                  | [Gargoyle growth]
 16713 | Lair:5   | Reached XP level 14. HP: 90/90 MP: 19/21
 16716 | Lair:5   | Reached skill level 3 in Dodging
 16720 | Lair:5   | 16720 ||| Stepping ~*~*~tactically~*~*~ (stealth).
 16818 | Lair:5   | 16818 ||| INVOKING Heroism.
 16819 | Lair:5   | 16819 ||| INVOKING Finesse.
 16832 | Lair:5   | Received a gift from Okawaru
 16878 | Lair:5   | 16878 ||| INVOKING Heroism.
 16879 | Lair:5   | Found a staircase to the Slime Pits.
 16886 | Lair:5   | 16886 ||| SWAPPING to +0 demon whip of venom.
 16896 | Lair:5   | 16896 ||| INVOKING Finesse.
 16897 | Lair:5   | 16897 ||| Stepping ~*~*~tactically~*~*~ (outnumbered).
 16898 | Lair:5   | 16898 ||| Stepping ~*~*~tactically~*~*~ (outnumbered).
 16899 | Lair:5   | 16899 ||| Stepping ~*~*~tactically~*~*~ (outnumbered).
 16900 | Lair:5   | 16900 ||| Stepping ~*~*~tactically~*~*~ (outnumbered).
 16908 | Lair:5   | 16908 ||| Stepping ~*~*~tactically~*~*~ (outnumbered).
 16909 | Lair:5   | 16909 ||| Stepping ~*~*~tactically~*~*~ (outnumbered).
 16910 | Lair:5   | 16910 ||| Stepping ~*~*~tactically~*~*~ (outnumbered).
 16911 | Lair:5   | 16911 ||| Stepping ~*~*~tactically~*~*~ (outnumbered).
 16919 | Lair:5   | 16919 ||| Stepping ~*~*~tactically~*~*~ (outnumbered).
 16920 | Lair:5   | 16920 ||| Stepping ~*~*~tactically~*~*~ (outnumbered).
 16921 | Lair:5   | 16921 ||| Stepping ~*~*~tactically~*~*~ (outnumbered).
 16922 | Lair:5   | 16922 ||| Stepping ~*~*~tactically~*~*~ (outnumbered).
 16923 | Lair:5   | 16923 ||| Stepping ~*~*~tactically~*~*~ (outnumbered).
 16924 | Lair:5   | 16924 ||| Stepping ~*~*~tactically~*~*~ (outnumbered).
 16925 | Lair:5   | 16925 ||| Stepping ~*~*~tactically~*~*~ (outnumbered).
 16929 | Lair:5   | 16929 ||| Stepping ~*~*~tactically~*~*~ (outnumbered).
 16930 | Lair:5   | 16930 ||| Stepping ~*~*~tactically~*~*~ (outnumbered).
 16931 | Lair:5   | 16931 ||| Stepping ~*~*~tactically~*~*~ (outnumbered).
 16932 | Lair:5   | 16932 ||| INVOKING Finesse.
 16933 | Lair:5   | 16933 ||| Stepping ~*~*~tactically~*~*~ (outnumbered).
 16934 | Lair:5   | 16934 ||| SWAPPING to +2 vorpal broad axe.
 16939 | Lair:5   | 16939 ||| SWAPPING to +0 demon whip of venom.
 16946 | Lair:5   | 16946 ||| SWAPPING to +2 vorpal broad axe.
 17206 | Lair:5   | 17206 ||| INVOKING Heroism.
 17207 | Lair:5   | 17207 ||| INVOKING Finesse.
 17208 | Lair:5   | 17208 ||| INVOKING Finesse.
 17217 | Lair:5   | 17217 ||| DRINKING 2 potions of cancellation.
 17222 | Lair:5   | Reached skill level 12 in Fighting
 17395 | Lair:5   | 17395 ||| Stepping ~*~*~tactically~*~*~ (hiding).
 17396 | Lair:5   | 17396 ||| Stepping ~*~*~tactically~*~*~ (hiding).
 17537 | Lair:5   | 17537 ||| INVOKING Heroism.
 17538 | Lair:5   | 17538 ||| INVOKING Finesse.
 17615 | Lair:5   | 17615 ||| FLEEEEING.
 17616 | Lair:5   | 17616 ||| FLEEEEING.
 17617 | Lair:5   | 17617 ||| FLEEEEING.
 17629 | Lair:5   | 17629 ||| FLEEEEING.
 17633 | Lair:5   | 17633 ||| FLEEEEING.
 17634 | Lair:5   | 17634 ||| FLEEEEING.
 17635 | Lair:5   | 17635 ||| FLEEEEING.
 17636 | Lair:5   | 17636 ||| FLEEEEING.
 17637 | Lair:5   | 17637 ||| FLEEEEING.
 17638 | Lair:5   | 17638 ||| FLEEEEING.
 17641 | Lair:5   | 17641 ||| Stepping ~*~*~tactically~*~*~ (hiding).
 17655 | Lair:5   | 17655 ||| Stepping ~*~*~tactically~*~*~ (hiding).
 17741 | Lair:5   | 17741 ||| Stepping ~*~*~tactically~*~*~ (hiding).
 18020 | Lair:5   | 18020 ||| INVOKING Heroism.
 18021 | Lair:5   | 18021 ||| Stepping ~*~*~tactically~*~*~ (stealth).
 18024 | Lair:5   | 18024 ||| INVOKING Finesse.
 18076 | Lair:5   | 18076 ||| Stepping ~*~*~tactically~*~*~ (stealth).
 18232 | Lair:5   | 18232 ||| Stepping ~*~*~tactically~*~*~ (stealth).
 18238 | Lair:5   | 18238 ||| INVOKING Heroism.
 18239 | Lair:5   | 18239 ||| INVOKING Finesse.
 18448 | Lair:5   | 18448 ||| PLANNING D:1-11
 18526 | Lair:1   | 18526 ||| Stepping ~*~*~tactically~*~*~ (stealth).
 18586 | D:9      | 18586 ||| STAIRDANCE
 18598 | D:9      | 18598 ||| STAIRDANCE
 18609 | D:9      | 18609 ||| STAIRDANCE
 18611 | D:8      | 18611 ||| INVOKING Heroism.
 18650 | D:9      | 18650 ||| STAIRDANCE
 18663 | D:9      | 18663 ||| STAIRDANCE
 18670 | D:9      | 18670 ||| STAIRDANCE
 18726 | D:9      | 18726 ||| INVOKING Heroism.
 18782 | D:9      | 18782 ||| Stepping ~*~*~tactically~*~*~ (stealth).
 18815 | D:9      | Received a gift from Okawaru
 19018 | D:9      | 19018 ||| Stepping ~*~*~tactically~*~*~ (stealth).
 19021 | D:9      | 19021 ||| Stepping ~*~*~tactically~*~*~ (hiding).
 19120 | D:9      | 19120 ||| Stepping ~*~*~tactically~*~*~ (stealth).
 19138 | D:9      | 19138 ||| INVOKING Heroism.
 19147 | D:9      | Reached skill level 8 in Shields
 19477 | D:9      | 19477 ||| UPGRADING to scarf of resistance.
 19482 | D:9      | 19482 ||| UPGRADING to +6 ring of dexterity.
 19484 | D:9      | 19484 ||| READING scroll labelled LODAPT ZAED HOEKI.
 19503 | D:10     | Entered Level 10 of the Dungeon
 19646 | D:10     | 19646 ||| Stepping ~*~*~tactically~*~*~ (hiding).
 19706 | D:10     | 19706 ||| Stepping ~*~*~tactically~*~*~ (stealth).
 19708 | D:10     | 19708 ||| Stepping ~*~*~tactically~*~*~ (stealth).
 19765 | D:10     | 19765 ||| DRINKING 7 potions of curing.
 19765 | D:10     | 19765 ||| (to cure confusion)
 19777 | D:10     | 19777 ||| Stepping ~*~*~tactically~*~*~ (stealth).
 19779 | D:10     | 19779 ||| Stepping ~*~*~tactically~*~*~ (stealth).
 19782 | D:10     | 19782 ||| Stepping ~*~*~tactically~*~*~ (stealth).
 19784 | D:10     | 19784 ||| INVOKING Heroism.
 19916 | D:10     | Noticed Sonja
 19917 | D:10     | 19917 ||| INVOKING Finesse.
 19923 | D:10     | Killed Sonja
 20401 | D:11     | Found a portal to a secret trove of treasure.
 20402 | D:11     | 20402 ||| INVOKING Heroism.
 20491 | D:11     | Found a frozen archway.
 20492 | D:11     | 20492 ||| Stepping ~*~*~tactically~*~*~ (stealth).
 20493 | D:11     | 20493 ||| Stepping ~*~*~tactically~*~*~ (stealth).
 20495 | D:11     | 20495 ||| Stepping ~*~*~tactically~*~*~ (stealth).
 20544 | D:11     | 20544 ||| INVOKING Heroism.
 20580 | D:11     | 20580 ||| INVOKING Heroism.
 20597 | D:11     | 20597 ||| Stepping ~*~*~tactically~*~*~ (hiding).
 20605 | D:11     | Reached XP level 15. HP: 91/96 MP: 22/22
 20605 | D:11     | Found a staircase to the Orcish Mines.
 20673 | D:11     | 20673 ||| FLEEEEING.
 20678 | D:11     | 20678 ||| FLEEEEING.
 20679 | D:11     | 20679 ||| FLEEEEING.
 20682 | D:11     | 20682 ||| FLEEEEING.
 20683 | D:11     | 20683 ||| Stepping ~*~*~tactically~*~*~ (hiding).
 20802 | D:11     | 20802 ||| Stepping ~*~*~tactically~*~*~ (stealth).
 20868 | D:11     | 20868 ||| Stepping ~*~*~tactically~*~*~ (stealth).
 20874 | D:11     | 20874 ||| Stepping ~*~*~tactically~*~*~ (stealth).
 20878 | D:11     | 20878 ||| Stepping ~*~*~tactically~*~*~ (hiding).
 20891 | D:11     | 20891 ||| Stepping ~*~*~tactically~*~*~ (hiding).
 20942 | D:11     | 20942 ||| Stepping ~*~*~tactically~*~*~ (stealth).
 20996 | D:11     | 20996 ||| INVOKING Heroism.
 21145 | D:11     | 21145 ||| READING scroll of enchant armour.
 21145 | D:11     | 21145 ||| ENCHANTING +0 pair of gloves.
 21278 | D:11     | 21278 ||| PLANNING D
 21334 | D:12     | Found a transporter.
 21336 | D:12     | Found a transporter.
 21338 | D:12     | Found a transporter.
 21338 | D:12     | Found a transporter.
 21347 | D:12     | 21347 ||| Stepping ~*~*~tactically~*~*~ (stealth).
 21378 | D:12     | Found a transporter.
 21393 | D:12     | Found a transporter.
 21478 | D:12     | 21478 ||| INVOKING Heroism.
 21710 | D:12     | 21710 ||| INVOKING Heroism.
 21720 | D:12     | Received a gift from Okawaru
 21883 | D:12     | 21883 ||| FLEEEEING.
 21887 | D:12     | 21887 ||| STAIRDANCE
 22256 | D:13     | 22256 ||| INVOKING Heroism.
 22377 | D:13     | 22377 ||| Stepping ~*~*~tactically~*~*~ (stealth).
 22451 | D:13     | 22451 ||| Stepping ~*~*~tactically~*~*~ (hiding).
 22562 | D:13     | Found a gate to the Vaults.
 22565 | D:13     | Received a gift from Okawaru
 22581 | D:13     | 22581 ||| INVOKING Heroism.
 22838 | D:13     | 22838 ||| Stepping ~*~*~tactically~*~*~ (hiding).
 22871 | D:13     | 22871 ||| Stepping ~*~*~tactically~*~*~ (stealth).
 22879 | D:13     | 22879 ||| Stepping ~*~*~tactically~*~*~ (stealth).
 22882 | D:13     | 22882 ||| FLEEEEING.
 22883 | D:13     | 22883 ||| FLEEEEING.
 22884 | D:13     | 22884 ||| FLEEEEING.
 22885 | D:13     | 22885 ||| FLEEEEING.
 22886 | D:13     | 22886 ||| FLEEEEING.
 22887 | D:13     | 22887 ||| FLEEEEING.
 22888 | D:13     | 22888 ||| FLEEEEING.
 22889 | D:13     | 22889 ||| FLEEEEING.
 22890 | D:13     | 22890 ||| FLEEEEING.
 22891 | D:13     | 22891 ||| FLEEEEING.
 22892 | D:13     | 22892 ||| FLEEEEING.
 22893 | D:13     | 22893 ||| FLEEEEING.
 22894 | D:13     | 22894 ||| FLEEEEING.
 22895 | D:13     | 22895 ||| STAIRDANCE
 22937 | D:12     | 22937 ||| DROPPING +6 ring of intelligence.
 22938 | D:12     | 22938 ||| READING scroll labelled YMASEL ENLUS.
 23001 | D:13     | 23001 ||| READING 2 scrolls of teleportation.
 23017 | D:13     | 23017 ||| READING scroll of brand weapon.
 23017 | D:13     | 23017 ||| BRANDING +2 vorpal broad axe.
 23069 | D:13     | 23069 ||| FLEEEEING.
 23070 | D:13     | 23070 ||| FLEEEEING.
 23071 | D:13     | 23071 ||| FLEEEEING.
 23072 | D:13     | 23072 ||| FLEEEEING.
 23073 | D:13     | 23073 ||| FLEEEEING.
 23076 | D:13     | 23076 ||| FLEEEEING.
 23080 | D:13     | 23080 ||| FLEEEEING.
 23082 | D:13     | 23082 ||| STAIRDANCE
 23236 | D:13     | 23236 ||| Stepping ~*~*~tactically~*~*~ (hiding).
 23396 | D:13     | 23396 ||| READING scroll of teleportation.
 23452 | D:13     | Identified the +0 pair of boots of Inviolability {Int+2
                  | Dex+3} (Okawaru gifted it to you on level 13 of the
                  | Dungeon)
 23452 | D:13     | Received a gift from Okawaru
 23458 | D:13     | 23458 ||| Stepping ~*~*~tactically~*~*~ (stealth).
 23459 | D:13     | 23459 ||| UPGRADING to +0 pair of boots of Inviolability
                  | {Int+2 Dex+3}.
 23469 | D:13     | 23469 ||| DROPPING +0 pair of boots.
 23470 | D:13     | 23470 ||| Stepping randomly (stuck).
 23471 | D:13     | 23471 ||| Stepping randomly (stuck).
 23472 | D:13     | 23472 ||| Stepping randomly (stuck).
 23489 | D:13     | 23489 ||| INVOKING Heroism.
 24059 | D:14     | Noticed Frances
 24060 | D:14     | 24060 ||| Stepping ~*~*~tactically~*~*~ (stealth).
 24067 | D:14     | 24067 ||| Stepping ~*~*~tactically~*~*~ (stealth).
 24069 | D:14     | 24069 ||| Stepping ~*~*~tactically~*~*~ (hiding).
 24074 | D:14     | 24074 ||| INVOKING Heroism.
 24075 | D:14     | 24075 ||| INVOKING Finesse.
 24085 | D:14     | Killed Frances
 24281 | D:14     | 24281 ||| Stepping ~*~*~tactically~*~*~ (stealth).
 24286 | D:14     | 24286 ||| INVOKING Heroism.
 24297 | D:14     | Reached skill level 6 in Throwing
 24376 | D:14     | Found Adoniani's Antique Armour Boutique.
 24383 | D:14     | 24383 ||| BUYING glowing plate armour (754 gold).
 24383 | D:14     | Bought a glowing plate armour for 754 gold pieces
 24383 | D:14     | 24383 ||| BUYING kite shield (130 gold).
 24383 | D:14     | Bought a kite shield for 130 gold pieces
 24383 | D:14     | 24383 ||| BUYING shiny helmet (217 gold).
 24383 | D:14     | Bought a shiny helmet for 217 gold pieces
 24408 | D:14     | 24408 ||| Stepping ~*~*~tactically~*~*~ (stealth).
 24410 | D:14     | 24410 ||| Stepping ~*~*~tactically~*~*~ (hiding).
 24490 | D:14     | 24490 ||| Stepping ~*~*~tactically~*~*~ (hiding).
 24622 | D:14     | 24622 ||| Stepping ~*~*~tactically~*~*~ (hiding).
 24625 | D:14     | 24625 ||| INVOKING Finesse.
 24675 | D:14     | Found Zemiagoz's Antique Weapon Emporium.
 24828 | D:14     | Found Miropn's Armour Shoppe.
 24831 | D:14     | 24831 ||| SHOPLISTING +1 plate armour of poison resistance
                  | (416 gold, have 286).
 25063 | D:14     | 25063 ||| DROPPING +0 plate armour of poison resistance.
 25064 | D:14     | 25064 ||| UPGRADING to +0 kite shield.
 25074 | D:14     | 25074 ||| DROPPING +1 buckler "Sosucud" {*Corrode rC+ Str+2
                  | Int+2}.
 25075 | D:14     | 25075 ||| DROPPING +1 helmet.
 25112 | D:15     | Entered Level 15 of the Dungeon
 25132 | D:15     | 25132 ||| INVOKING Heroism.
 25135 | D:15     | Noticed Louise
 25136 | D:15     | 25136 ||| INVOKING Finesse.
 25158 | D:15     | Killed Louise
 25365 | D:15     | 25365 ||| Stepping ~*~*~tactically~*~*~ (stealth).
 25373 | D:15     | Reached skill level 9 in Shields
 25553 | D:15     | Found a staircase to the Depths.
 25554 | D:15     | 25554 ||| INVOKING Heroism.
 25706 | D:15     | Found an ancient bone altar of Kikubaaqudgha.
 25709 | D:15     | 25709 ||| Stepping ~*~*~tactically~*~*~ (stealth).
 25710 | D:15     | 25710 ||| INVOKING Heroism.
 25712 | D:15     | 25712 ||| Stepping ~*~*~tactically~*~*~ (hiding).
 25713 | D:15     | 25713 ||| Stepping ~*~*~tactically~*~*~ (hiding).
 25724 | D:15     | 25724 ||| Stepping ~*~*~tactically~*~*~ (stealth).
 25726 | D:15     | 25726 ||| Stepping ~*~*~tactically~*~*~ (stealth).
 25737 | D:15     | 25737 ||| Stepping ~*~*~tactically~*~*~ (stealth).
 25777 | D:15     | 25777 ||| Stepping ~*~*~tactically~*~*~ (hiding).
 25779 | D:15     | 25779 ||| Stepping ~*~*~tactically~*~*~ (hiding).
 25931 | D:15     | 25931 ||| INVOKING Heroism.
 25934 | D:15     | Reached skill level 10 in Shields
 26201 | D:15     | 26201 ||| INVOKING Heroism.
 26288 | D:15     | 26288 ||| PLANNING ORC
 26288 | D:15     | 26288 ||| UPGRADING to +0 tower shield.
 26298 | D:15     | 26298 ||| DROPPING +0 kite shield.
 26403 | Orc:1    | Entered Level 1 of the Orcish Mines
 26403 | Orc:1    | Found a large runed translucent door.
 26403 | Orc:1    | Found a large runed translucent door.
 26404 | Orc:1    | 26404 ||| INVOKING Heroism.
 26405 | Orc:1    | 26405 ||| INVOKING Finesse.
 26411 | Orc:1    | Reached XP level 16. HP: 66/103 MP: 15/23
 26631 | Orc:1    | Noticed Paschim's ghost (journeyman MiBe)
 26896 | Orc:2    | Entered Level 2 of the Orcish Mines
 26896 | Orc:2    | Found a staircase to the Elven Halls.
 26897 | Orc:2    | 26897 ||| INVOKING Heroism.
 26902 | Orc:2    | 26902 ||| DRINKING 7 potions of curing.
 26902 | Orc:2    | 26902 ||| (to cure confusion)
 26913 | Orc:2    | Reached skill level 11 in Shields
 26978 | Orc:2    | 26978 ||| INVOKING Heroism.
 27025 | Orc:2    | 27025 ||| INVOKING Heroism.
 27166 | Orc:2    | 27166 ||| Stepping ~*~*~tactically~*~*~ (stealth).
 27169 | Orc:2    | 27169 ||| Stepping ~*~*~tactically~*~*~ (stealth).
 27173 | Orc:2    | 27173 ||| Stepping ~*~*~tactically~*~*~ (hiding).
 27185 | Orc:2    | 27185 ||| INVOKING Heroism.
 27203 | Orc:2    | 27203 ||| Stepping ~*~*~tactically~*~*~ (hiding).
 27208 | Orc:2    | Identified the +4 plate armour "Uhiz" {rF+ rC+} (Okawaru
                  | gifted it to you on level 2 of the Orcish Mines)
 27208 | Orc:2    | Received a gift from Okawaru
 27210 | Orc:2    | 27210 ||| Stepping ~*~*~tactically~*~*~ (hiding).
 27216 | Orc:2    | 27216 ||| Stepping ~*~*~tactically~*~*~ (hiding).
 27221 | Orc:2    | 27221 ||| INVOKING Heroism.
 27227 | Orc:2    | Reached skill level 12 in Shields
 27243 | Orc:2    | 27243 ||| Stepping ~*~*~tactically~*~*~ (hiding).
 27245 | Orc:2    | 27245 ||| Stepping ~*~*~tactically~*~*~ (hiding).
 27258 | Orc:2    | 27258 ||| FLEEEEING.
 27266 | Orc:2    | 27266 ||| STAIRDANCE
 27268 | Orc:1    | 27268 ||| INVOKING Heroism.
 27424 | Orc:1    | 27424 ||| UPGRADING to +4 plate armour "Uhiz" {rF+ rC+}.
 27434 | Orc:1    | 27434 ||| DROPPING +0 plate armour.
 27497 | Orc:2    | 27497 ||| INVOKING Heroism.
 27572 | Orc:2    | 27572 ||| INVOKING Heroism.
 27581 | Orc:2    | Found Leotef's Assorted Antiques.
 27584 | Orc:2    | Found Gaciduas's Weapon Shoppe.
 27584 | Orc:2    | Found Tetru's Distillery.
 27653 | Orc:2    | Found Kuloaf's Book Emporium.
 27658 | Orc:2    | 27658 ||| BUYING 2 potions of cancellation (160 gold).
 27658 | Orc:2    | Bought 2 potions of cancellation for 160 gold pieces
 27658 | Orc:2    | 27658 ||| BUYING potion of curing (30 gold).
 27658 | Orc:2    | Bought a potion of curing for 30 gold pieces
 27658 | Orc:2    | 27658 ||| BUYING potion of curing (30 gold).
 27658 | Orc:2    | Bought a potion of curing for 30 gold pieces
 27658 | Orc:2    | 27658 ||| BUYING potion of curing (30 gold).
 27658 | Orc:2    | Bought a potion of curing for 30 gold pieces
 27658 | Orc:2    | 27658 ||| BUYING potion of heal wounds (50 gold).
 27658 | Orc:2    | Bought a potion of heal wounds for 50 gold pieces
 27658 | Orc:2    | 27658 ||| BUYING potion of lignification (30 gold).
 27658 | Orc:2    | Bought a potion of lignification for 30 gold pieces
 27658 | Orc:2    | 27658 ||| BUYING potion of mutation (80 gold).
 27658 | Orc:2    | Bought a potion of mutation for 80 gold pieces
 27658 | Orc:2    | 27658 ||| BUYING potion of mutation (80 gold).
 27658 | Orc:2    | Bought a potion of mutation for 80 gold pieces
 27660 | Orc:2    | 27660 ||| BUYING notched emerald ring (180 gold).
 27660 | Orc:2    | Bought a notched emerald ring for 180 gold pieces
 27660 | Orc:2    | 27660 ||| BUYING potion of curing (108 gold).
 27660 | Orc:2    | Bought a potion of curing for 108 gold pieces
 27660 | Orc:2    | 27660 ||| BUYING scroll of enchant weapon (270 gold).
 27660 | Orc:2    | Bought a scroll of enchant weapon for 270 gold pieces
 27660 | Orc:2    | 27660 ||| SHOPLISTING shiny emerald ring (180 gold, have
                  | 56).
 27660 | Orc:2    | 27660 ||| READING scroll of enchant weapon.
 27660 | Orc:2    | 27660 ||| ENCHANTING +2 spectral broad axe.
 27906 | Orc:2    | 27906 ||| PLANNING SPIDER:1-3
 27906 | Orc:2    | 27906 ||| UPGRADING to ring of see invisible.
 27908 | Orc:2    | 27908 ||| UPGRADING to +6 ring of strength.
 28084 | Spider:1 | Entered Level 1 of the Spider Nest
 28086 | Spider:1 | 28086 ||| Stepping ~*~*~tactically~*~*~ (stealth).
 28087 | Spider:1 | 28087 ||| Stepping ~*~*~tactically~*~*~ (stealth).
 28136 | Spider:1 | 28136 ||| Stepping ~*~*~tactically~*~*~ (hiding).
 28186 | Spider:1 | 28186 ||| INVOKING Heroism.
 28188 | Spider:1 | 28188 ||| INVOKING Finesse.
 28192 | Spider:1 | Reached skill level 13 in Shields
 28221 | Spider:1 | Reached skill level 14 in Shields
 28238 | Spider:1 | Received a gift from Okawaru
 28244 | Spider:1 | 28244 ||| INVOKING Heroism.
 28276 | Spider:1 | HP: 3/103 [disintegration (47)]
 28369 | Spider:1 | 28369 ||| Stepping ~*~*~tactically~*~*~ (stealth).
 28371 | Spider:1 | 28371 ||| Stepping ~*~*~tactically~*~*~ (stealth).
 28372 | Spider:1 | 28372 ||| Stepping ~*~*~tactically~*~*~ (stealth).
 28373 | Spider:1 | 28373 ||| Stepping ~*~*~tactically~*~*~ (stealth).
 28374 | Spider:1 | 28374 ||| Stepping ~*~*~tactically~*~*~ (stealth).
 28376 | Spider:1 | 28376 ||| Stepping ~*~*~tactically~*~*~ (stealth).
 28382 | Spider:1 | 28382 ||| Stepping ~*~*~tactically~*~*~ (stealth).
 28384 | Spider:1 | 28384 ||| Stepping ~*~*~tactically~*~*~ (stealth).
 28385 | Spider:1 | 28385 ||| INVOKING Heroism.
 28812 | Spider:1 | 28812 ||| INVOKING Heroism.
 28972 | Spider:1 | 28972 ||| INVOKING Heroism.
 29127 | Spider:1 | 29127 ||| Stepping ~*~*~tactically~*~*~ (stealth).
 29134 | Spider:1 | Reached skill level 15 in Shields
 29274 | Spider:1 | 29274 ||| Stepping ~*~*~tactically~*~*~ (stealth).
 29505 | Spider:2 | 29505 ||| INVOKING Heroism.
 29507 | Spider:2 | 29507 ||| STAIRDANCE
 29518 | Spider:2 | 29518 ||| STAIRDANCE
 29520 | Spider:1 | 29520 ||| INVOKING Heroism.
 29523 | Spider:1 | Received a gift from Okawaru
 29626 | Spider:1 | 29626 ||| DROPPING +0 hat of willpower.
 29731 | Spider:2 | 29731 ||| INVOKING Finesse.
 29881 | Spider:2 | 29881 ||| Stepping ~*~*~tactically~*~*~ (stealth).
 29920 | Spider:2 | 29920 ||| Stepping ~*~*~tactically~*~*~ (stealth).
 30221 | Spider:2 | 30221 ||| DROPPING +2 hat.
 30294 | Spider:3 | 30294 ||| Stepping ~*~*~tactically~*~*~ (stealth).
 30335 | Spider:3 | 30335 ||| INVOKING Heroism.
 30386 | Spider:3 | Found a runed translucent door.
 30418 | Spider:3 | Reached skill level 16 in Shields
 30420 | Spider:3 | 30420 ||| INVOKING Heroism.
 30423 | Spider:3 | Reached XP level 17. HP: 99/108 MP: 21/24
 30530 | Spider:3 | Identified the +1 ring mail of Card Tricks {rF- Regen+
                  | SInv}
 30574 | Spider:3 | 30574 ||| Stepping ~*~*~tactically~*~*~ (hiding).
 30752 | Spider:3 | 30752 ||| Stepping ~*~*~tactically~*~*~ (hiding).
 31149 | Spider:3 | 31149 ||| PLANNING SWAMP:1-3
 31239 | Swamp:1  | Entered Level 1 of the Swamp
 31253 | Swamp:1  | 31253 ||| Stepping ~*~*~tactically~*~*~ (hiding).
 31254 | Swamp:1  | 31254 ||| Stepping ~*~*~tactically~*~*~ (hiding).
 31290 | Swamp:1  | 31290 ||| Stepping ~*~*~tactically~*~*~ (stealth).
 31292 | Swamp:1  | 31292 ||| Stepping ~*~*~tactically~*~*~ (hiding).
 31295 | Swamp:1  | 31295 ||| INVOKING Heroism.
 31296 | Swamp:1  | 31296 ||| SWAPPING to +0 demon whip of venom.
 31304 | Swamp:1  | 31304 ||| SWAPPING to +3 spectral broad axe.
 31318 | Swamp:1  | 31318 ||| Stepping ~*~*~tactically~*~*~ (hiding).
 31392 | Swamp:1  | 31392 ||| Stepping ~*~*~tactically~*~*~ (stealth).
 31394 | Swamp:1  | 31394 ||| INVOKING Heroism.
 31406 | Swamp:1  | Reached skill level 17 in Shields
 31424 | Swamp:1  | 31424 ||| Stepping ~*~*~tactically~*~*~ (stealth).
 31426 | Swamp:1  | 31426 ||| Stepping ~*~*~tactically~*~*~ (stealth).
 31428 | Swamp:1  | 31428 ||| Stepping ~*~*~tactically~*~*~ (stealth).
 31430 | Swamp:1  | 31430 ||| Stepping ~*~*~tactically~*~*~ (stealth).
 31432 | Swamp:1  | 31432 ||| Stepping ~*~*~tactically~*~*~ (stealth).
 31434 | Swamp:1  | 31434 ||| Stepping ~*~*~tactically~*~*~ (stealth).
 31436 | Swamp:1  | 31436 ||| Stepping ~*~*~tactically~*~*~ (stealth).
 31438 | Swamp:1  | 31438 ||| INVOKING Heroism.
 31440 | Swamp:1  | 31440 ||| SWAPPING to +0 demon whip of venom.
 31452 | Swamp:1  | 31452 ||| SWAPPING to +3 spectral broad axe.
 31476 | Swamp:1  | 31476 ||| Stepping ~*~*~tactically~*~*~ (stealth).
 31642 | Swamp:1  | 31642 ||| INVOKING Heroism.
 31878 | Swamp:2  | 31878 ||| Stepping randomly (cloudy).
 31884 | Swamp:2  | 31884 ||| Stepping ~*~*~tactically~*~*~ (stealth).
 31904 | Swamp:2  | 31904 ||| INVOKING Heroism.
 32116 | Swamp:2  | 32116 ||| INVOKING Heroism.
 32173 | Swamp:2  | Reached skill level 12 in Armour
 32260 | Swamp:2  | 32260 ||| INVOKING Heroism.
 32423 | Swamp:2  | 32423 ||| Stepping ~*~*~tactically~*~*~ (stealth).
 32446 | Swamp:2  | Received a gift from Okawaru
 32640 | Swamp:3  | 32640 ||| Stepping ~*~*~tactically~*~*~ (hiding).
 32641 | Swamp:3  | 32641 ||| INVOKING Heroism.
 32643 | Swamp:3  | 32643 ||| SWAPPING to +0 demon whip of venom.
 32652 | Swamp:3  | 32652 ||| SWAPPING to +3 spectral broad axe.
 32667 | Swamp:3  | 32667 ||| READING 4 scrolls of teleportation.
 32675 | Swamp:3  | 32675 ||| Stepping ~*~*~tactically~*~*~ (hiding).
 32682 | Swamp:3  | 32682 ||| READING 3 scrolls of teleportation.
 32687 | Swamp:3  | 32687 ||| DRINKING 3 potions of cancellation.
 32693 | Swamp:3  | Received a gift from Okawaru
 32693 | Swamp:3  | Found the +3 warlock's mirror {reflect}
 32698 | Swamp:3  | 32698 ||| INVOKING Heroism.
 32902 | Swamp:3  | Noticed Roxanne
 32903 | Swamp:3  | 32903 ||| INVOKING Heroism.
 32904 | Swamp:3  | 32904 ||| INVOKING Finesse.
 32924 | Swamp:3  | Killed Roxanne
 32991 | Swamp:3  | 32991 ||| Stepping ~*~*~tactically~*~*~ (stealth).
 32999 | Swamp:3  | 32999 ||| INVOKING Heroism.
 33646 | Swamp:3  | 33646 ||| PLANNING SPIDER:4
 33646 | Swamp:3  | 33646 ||| DROPPING amulet of guardian spirit.
 33776 | Spider:4 | Entered Level 4 of the Spider Nest
 33777 | Spider:4 | 33777 ||| INVOKING Heroism.
 33778 | Spider:4 | 33778 ||| INVOKING Finesse.
 33779 | Spider:4 | 33779 ||| STAIRDANCE
 33890 | Spider:4 | 33890 ||| Stepping ~*~*~tactically~*~*~ (stealth).
 33891 | Spider:4 | 33891 ||| INVOKING Finesse.
 33897 | Spider:4 | 33897 ||| INVOKING Heroism.
 33976 | Spider:4 | 33976 ||| INVOKING Heroism.
 33984 | Spider:4 | 33984 ||| Stepping ~*~*~tactically~*~*~ (stealth).
 33985 | Spider:4 | 33985 ||| INVOKING Finesse.
 34003 | Spider:4 | 34003 ||| INVOKING Heroism.
 34015 | Spider:4 | HP: 24/108 [disintegration (22)]
 34022 | Spider:4 | 34022 ||| FLEEEEING.
 34023 | Spider:4 | 34023 ||| FLEEEEING.
 34024 | Spider:4 | 34024 ||| FLEEEEING.
 34025 | Spider:4 | 34025 ||| FLEEEEING.
 34026 | Spider:4 | 34026 ||| FLEEEEING.
 34027 | Spider:4 | 34027 ||| FLEEEEING.
 34028 | Spider:4 | 34028 ||| FLEEEEING.
 34029 | Spider:4 | 34029 ||| FLEEEEING.
 34030 | Spider:4 | 34030 ||| FLEEEEING.
 34031 | Spider:4 | 34031 ||| FLEEEEING.
 34032 | Spider:4 | 34032 ||| FLEEEEING.
 34033 | Spider:4 | 34033 ||| FLEEEEING.
 34034 | Spider:4 | 34034 ||| FLEEEEING.
 34035 | Spider:4 | 34035 ||| FLEEEEING.
 34036 | Spider:4 | 34036 ||| FLEEEEING.
 34037 | Spider:4 | 34037 ||| FLEEEEING.
 34038 | Spider:4 | 34038 ||| FLEEEEING.
 34039 | Spider:4 | 34039 ||| STAIRDANCE
 34339 | Spider:4 | 34339 ||| INVOKING Heroism.
 34342 | Spider:4 | 34342 ||| STAIRDANCE
 34432 | Spider:4 | 34432 ||| STAIRDANCE
 34436 | Spider:3 | Reached skill level 18 in Axes
 34699 | Spider:4 | 34699 ||| Stepping ~*~*~tactically~*~*~ (stealth).
 34701 | Spider:4 | 34701 ||| Stepping ~*~*~tactically~*~*~ (stealth).
 34704 | Spider:4 | 34704 ||| INVOKING Heroism.
 34757 | Spider:4 | 34757 ||| INVOKING Heroism.
 34769 | Spider:4 | Reached XP level 18. HP: 99/114 MP: 23/25
 34858 | Spider:4 | 34858 ||| Stepping ~*~*~tactically~*~*~ (stealth).
 34859 | Spider:4 | 34859 ||| Stepping ~*~*~tactically~*~*~ (stealth).
 34906 | Spider:4 | 34906 ||| FLEEEEING.
 34947 | Spider:4 | 34947 ||| FLEEEEING.
 34948 | Spider:4 | 34948 ||| FLEEEEING.
 34949 | Spider:4 | 34949 ||| FLEEEEING.
 34950 | Spider:4 | 34950 ||| FLEEEEING.
 34951 | Spider:4 | 34951 ||| STAIRDANCE
 34991 | Spider:3 | 34991 ||| DROPPING +0 demon whip of venom.
 35102 | Spider:4 | 35102 ||| INVOKING Heroism.
 35179 | Spider:4 | 35179 ||| INVOKING Heroism.
 35208 | Spider:4 | Received a gift from Okawaru
 35264 | Spider:4 | 35264 ||| Stepping ~*~*~tactically~*~*~ (stealth).
 35266 | Spider:4 | 35266 ||| Stepping ~*~*~tactically~*~*~ (stealth).
 35369 | Spider:4 | Found the +3 pair of gauntlets of War {Slay+5}
 35398 | Spider:4 | 35398 ||| INVOKING Heroism.
 35410 | Spider:4 | Reached skill level 18 in Shields
 35557 | Spider:4 | Got a gossamer rune of Zot
 35588 | Spider:4 | 35588 ||| INVOKING Heroism.
 35696 | Spider:4 | 35696 ||| PLANNING VAULTS:1-4
 35696 | Spider:4 | 35696 ||| UPGRADING to +3 pair of gauntlets of War
                  | {Slay+5}.
 35706 | Spider:4 | 35706 ||| DROPPING +1 pair of gloves.
 35707 | Spider:4 | 35707 ||| UPGRADING to scarf of repulsion.
 35870 | Lair:1   | 35870 ||| INVOKING Heroism.
 35996 | Vaults:1 | Entered Level 1 of the Vaults
 36121 | Vaults:1 | Noticed Saint Roka
 36122 | Vaults:1 | 36122 ||| INVOKING Heroism.
 36123 | Vaults:1 | 36123 ||| INVOKING Finesse.
 36141 | Vaults:1 | Killed Saint Roka
 36445 | Vaults:1 | 36445 ||| Stepping ~*~*~tactically~*~*~ (hiding).
 36549 | Vaults:1 | Received a gift from Okawaru
 36630 | Vaults:1 | 36630 ||| INVOKING Heroism.
 36639 | Vaults:1 | HP: 19/116 [ironbound frostheart (11)]
 36640 | Vaults:1 | 36640 ||| READING 2 scrolls of teleportation.
 36641 | Vaults:1 | 36641 ||| DRINKING 8 potions of heal wounds.
 36642 | Vaults:1 | HP: 3/116 [stone giant (23)]
 36643 | Vaults:1 | 36643 ||| DRINKING 7 potions of heal wounds.
 36644 | Vaults:1 | 36644 ||| DRINKING 6 potions of heal wounds.
 36649 | Vaults:1 | 36649 ||| INVOKING Finesse.
 36662 | Vaults:1 | 36662 ||| INVOKING Heroism.
 36691 | Vaults:1 | Received a gift from Okawaru
 36716 | Vaults:1 | 36716 ||| INVOKING Heroism.
 36901 | Vaults:1 | 36901 ||| INVOKING Heroism.
 37007 | Vaults:1 | 37007 ||| Stepping ~*~*~tactically~*~*~ (hiding).
 37008 | Vaults:1 | 37008 ||| Stepping ~*~*~tactically~*~*~ (hiding).
 37012 | Vaults:1 | 37012 ||| INVOKING Heroism.
 37023 | Vaults:1 | 37023 ||| Stepping ~*~*~tactically~*~*~ (hiding).
 37041 | Vaults:1 | Reached skill level 15 in Fighting
 37080 | Vaults:1 | 37080 ||| INVOKING Heroism.
 37095 | Vaults:1 | HP: 29/119 [yaktaur (7)]
 37096 | Vaults:1 | 37096 ||| READING scroll of teleportation.
 37096 | Vaults:1 | HP: 9/119 [yaktaur/bolt (21)]
 37097 | Vaults:1 | 37097 ||| DRINKING 5 potions of heal wounds.
 37098 | Vaults:1 | 37098 ||| DRINKING 4 potions of heal wounds.
 37146 | Vaults:1 | 37146 ||| INVOKING Heroism.
 37525 | Vaults:1 | 37525 ||| INVOKING Heroism.
 37633 | Vaults:1 | 37633 ||| INVOKING Heroism.
 37819 | Vaults:1 | 37819 ||| READING scroll of enchant weapon.
 37819 | Vaults:1 | 37819 ||| ENCHANTING +3 spectral broad axe.
 37898 | Vaults:1 | Received a gift from Okawaru
 37919 | Vaults:1 | 37919 ||| INVOKING Heroism.
 37926 | Vaults:1 | Reached XP level 19. HP: 114/124 MP: 24/26
 37996 | Vaults:1 | 37996 ||| Stepping ~*~*~tactically~*~*~ (stealth).
 37998 | Vaults:1 | 37998 ||| Stepping ~*~*~tactically~*~*~ (stealth).
 38022 | Vaults:1 | Identified the +7 plate armour of Terror {rF+ rN++ Dex+4}
 38381 | Vaults:1 | 38381 ||| Stepping ~*~*~tactically~*~*~ (hiding).
 38388 | Vaults:1 | 38388 ||| DRINKING 12 potions of curing.
 38388 | Vaults:1 | 38388 ||| (to cure confusion)
 38478 | Vaults:1 | 38478 ||| UPGRADING to +7 plate armour of Terror {rF+ rN++
                  | Dex+4}.
 38546 | Vaults:2 | Noticed a Tzitzimitl
 38547 | Vaults:2 | 38547 ||| INVOKING Heroism.
 38548 | Vaults:2 | 38548 ||| INVOKING Finesse.
 38551 | Vaults:2 | Killed a Tzitzimitl
 38649 | Vaults:2 | 38649 ||| Stepping ~*~*~tactically~*~*~ (stealth).
 38651 | Vaults:2 | 38651 ||| Stepping ~*~*~tactically~*~*~ (hiding).
 38661 | Vaults:2 | 38661 ||| INVOKING Heroism.
 38672 | Vaults:2 | Received a gift from Okawaru
 38691 | Vaults:2 | 38691 ||| Stepping ~*~*~tactically~*~*~ (stealth).
 38693 | Vaults:2 | 38693 ||| Stepping ~*~*~tactically~*~*~ (stealth).
 38705 | Vaults:2 | Reached skill level 6 in Dodging
 38873 | Vaults:2 | 38873 ||| Stepping ~*~*~tactically~*~*~ (stealth).
 38875 | Vaults:2 | 38875 ||| Stepping ~*~*~tactically~*~*~ (stealth).
 38876 | Vaults:2 | 38876 ||| Stepping ~*~*~tactically~*~*~ (stealth).
 38948 | Vaults:2 | 38948 ||| Stepping ~*~*~tactically~*~*~ (stealth).
 38963 | Vaults:2 | 38963 ||| Stepping ~*~*~tactically~*~*~ (hiding).
 38982 | Vaults:2 | Reached skill level 9 in Throwing
 39030 | Vaults:2 | Found a staircase to the Crypt.
 39089 | Vaults:2 | 39089 ||| Stepping ~*~*~tactically~*~*~ (hiding).
 39091 | Vaults:2 | 39091 ||| Stepping ~*~*~tactically~*~*~ (hiding).
 39094 | Vaults:2 | 39094 ||| INVOKING Heroism.
 39221 | Vaults:2 | 39221 ||| INVOKING Heroism.
 39248 | Vaults:2 | 39248 ||| INVOKING Heroism.
 39248 | Vaults:2 | Gained mutation: Your magical capacity is low. (-10% MP) [a
                  | cacodemon]
 39475 | Vaults:2 | 39475 ||| INVOKING Heroism.
 39476 | Vaults:2 | 39476 ||| DRINKING 11 potions of curing.
 39476 | Vaults:2 | 39476 ||| (to cure confusion)
 39478 | Vaults:2 | Received a gift from Okawaru
 39686 | Vaults:2 | 39686 ||| INVOKING Heroism.
 39687 | Vaults:2 | 39687 ||| INVOKING Finesse.
 40497 | Vaults:3 | Identified a scroll of acquirement
 40498 | Vaults:3 | 40498 ||| Stepping ~*~*~tactically~*~*~ (hiding).
 40500 | Vaults:3 | 40500 ||| INVOKING Heroism.
 40536 | Vaults:3 | 40536 ||| FLEEEEING.
 40537 | Vaults:3 | 40537 ||| FLEEEEING.
 40538 | Vaults:3 | 40538 ||| FLEEEEING.
 40539 | Vaults:3 | 40539 ||| FLEEEEING.
 40540 | Vaults:3 | 40540 ||| FLEEEEING.
 40541 | Vaults:3 | 40541 ||| FLEEEEING.
 40542 | Vaults:3 | 40542 ||| FLEEEEING.
 40543 | Vaults:3 | 40543 ||| FLEEEEING.
 40544 | Vaults:3 | 40544 ||| FLEEEEING.
 40545 | Vaults:3 | 40545 ||| FLEEEEING.
 40546 | Vaults:3 | 40546 ||| FLEEEEING.
 40547 | Vaults:3 | 40547 ||| FLEEEEING.
 40548 | Vaults:3 | 40548 ||| FLEEEEING.
 40549 | Vaults:3 | 40549 ||| FLEEEEING.
 40550 | Vaults:3 | 40550 ||| FLEEEEING.
 40551 | Vaults:3 | 40551 ||| FLEEEEING.
 40552 | Vaults:3 | 40552 ||| FLEEEEING.
 40553 | Vaults:3 | 40553 ||| FLEEEEING.
 40554 | Vaults:3 | 40554 ||| FLEEEEING.
 40555 | Vaults:3 | 40555 ||| FLEEEEING.
 40561 | Vaults:3 | 40561 ||| FLEEEEING.
 40562 | Vaults:3 | 40562 ||| FLEEEEING.
 40563 | Vaults:3 | 40563 ||| FLEEEEING.
 40564 | Vaults:3 | 40564 ||| STAIRDANCE
 40622 | Vaults:3 | 40622 ||| STAIRDANCE
 40703 | Vaults:3 | 40703 ||| READING scroll of acquirement.
 40703 | Vaults:3 | 40703 ||| ACQUIRING +0 cloak of the Sun {Will- Str+2 Dex+2}
 40703 | Vaults:3 | Acquired the +0 cloak of the Sun {Will- Str+2 Dex+2}
 40721 | Vaults:3 | Found a transporter.
 40731 | Vaults:3 | Found a transporter.
 40731 | Vaults:3 | Found the +8 Wrath of Trog {antimagic, *Rage Rampage}
 40869 | Vaults:3 | 40869 ||| INVOKING Heroism.
 41079 | Vaults:3 | 41079 ||| Stepping ~*~*~tactically~*~*~ (hiding).
 41096 | Vaults:3 | 41096 ||| Stepping ~*~*~tactically~*~*~ (hiding).
 41209 | Vaults:3 | 41209 ||| INVOKING Heroism.
 41326 | Vaults:3 | 41326 ||| FLEEEEING.
 41327 | Vaults:3 | 41327 ||| FLEEEEING.
 41328 | Vaults:3 | 41328 ||| FLEEEEING.
 41329 | Vaults:3 | 41329 ||| FLEEEEING.
 41330 | Vaults:3 | 41330 ||| FLEEEEING.
 41331 | Vaults:3 | 41331 ||| FLEEEEING.
 41332 | Vaults:3 | 41332 ||| FLEEEEING.
 41333 | Vaults:3 | 41333 ||| FLEEEEING.
 41334 | Vaults:3 | 41334 ||| FLEEEEING.
 41335 | Vaults:3 | 41335 ||| FLEEEEING.
 41336 | Vaults:3 | 41336 ||| FLEEEEING.
 41342 | Vaults:3 | 41342 ||| FLEEEEING.
 41343 | Vaults:3 | 41343 ||| FLEEEEING.
 41344 | Vaults:3 | 41344 ||| FLEEEEING.
 41345 | Vaults:3 | 41345 ||| FLEEEEING.
 41349 | Vaults:3 | 41349 ||| FLEEEEING.
 41350 | Vaults:3 | 41350 ||| FLEEEEING.
 41351 | Vaults:3 | 41351 ||| FLEEEEING.
 41352 | Vaults:3 | 41352 ||| FLEEEEING.
 41353 | Vaults:3 | 41353 ||| FLEEEEING.
 41354 | Vaults:3 | 41354 ||| FLEEEEING.
 41355 | Vaults:3 | 41355 ||| FLEEEEING.
 41356 | Vaults:3 | 41356 ||| FLEEEEING.
 41357 | Vaults:3 | 41357 ||| FLEEEEING.
 41358 | Vaults:3 | 41358 ||| FLEEEEING.
 41359 | Vaults:3 | 41359 ||| FLEEEEING.
 41360 | Vaults:3 | 41360 ||| FLEEEEING.
 41366 | Vaults:3 | 41366 ||| FLEEEEING.
 41367 | Vaults:3 | 41367 ||| FLEEEEING.
 41368 | Vaults:3 | 41368 ||| FLEEEEING.
 41369 | Vaults:3 | 41369 ||| FLEEEEING.
 41370 | Vaults:3 | 41370 ||| FLEEEEING.
 41371 | Vaults:3 | 41371 ||| FLEEEEING.
 41372 | Vaults:3 | 41372 ||| FLEEEEING.
 41375 | Vaults:3 | Received a gift from Okawaru
 41463 | Vaults:3 | 41463 ||| INVOKING Heroism.
 41464 | Vaults:3 | 41464 ||| INVOKING Finesse.
 41477 | Vaults:3 | Reached skill level 19 in Shields
 41603 | Vaults:3 | 41603 ||| Stepping ~*~*~tactically~*~*~ (hiding).
 41604 | Vaults:3 | 41604 ||| Stepping ~*~*~tactically~*~*~ (hiding).
 41611 | Vaults:3 | Identified the amulet of Surprise {RegenMP +Inv Regen+
                  | Dex+4}
 41612 | Vaults:3 | 41612 ||| Stepping ~*~*~tactically~*~*~ (hiding).
 41620 | Vaults:3 | Received a gift from Okawaru
 41780 | Vaults:3 | Noticed Bai Suzhen
 41781 | Vaults:3 | 41781 ||| INVOKING Heroism.
 41782 | Vaults:3 | 41782 ||| INVOKING Finesse.
 41795 | Vaults:3 | Killed Bai Suzhen
 41992 | Vaults:3 | 41992 ||| UPGRADING to amulet of Surprise {RegenMP +Inv
                  | Regen+ Dex+4}.
 42002 | Vaults:3 | 42002 ||| DROPPING amulet of reflection.
 42149 | Vaults:4 | 42149 ||| INVOKING Heroism.
 42150 | Vaults:4 | 42150 ||| INVOKING Finesse.
 42175 | Vaults:4 | 42175 ||| Stepping ~*~*~tactically~*~*~ (hiding).
 42217 | Vaults:4 | 42217 ||| INVOKING Heroism.
 42232 | Vaults:4 | 42232 ||| Stepping ~*~*~tactically~*~*~ (hiding).
 42239 | Vaults:4 | 42239 ||| Stepping ~*~*~tactically~*~*~ (stealth).
 42242 | Vaults:4 | Received a gift from Okawaru
 42252 | Vaults:4 | Reached XP level 20. HP: 128/131 MP: 24/24
 42261 | Vaults:4 | 42261 ||| INVOKING Heroism.
 42266 | Vaults:4 | Reached skill level 15 in Armour
 42468 | Vaults:4 | 42468 ||| INVOKING Heroism.
 42530 | Vaults:4 | 42530 ||| Stepping ~*~*~tactically~*~*~ (hiding).
 42703 | Vaults:4 | 42703 ||| Stepping ~*~*~tactically~*~*~ (hiding).
 42867 | Vaults:4 | 42867 ||| Stepping ~*~*~tactically~*~*~ (stealth).
 42927 | Vaults:4 | 42927 ||| Stepping ~*~*~tactically~*~*~ (hiding).
 42936 | Vaults:4 | 42936 ||| Stepping ~*~*~tactically~*~*~ (hiding).
 43084 | Vaults:4 | 43084 ||| INVOKING Heroism.
 43139 | Vaults:4 | 43139 ||| INVOKING Heroism.
 43218 | Vaults:4 | 43218 ||| INVOKING Heroism.
 43219 | Vaults:4 | 43219 ||| Stepping ~*~*~tactically~*~*~ (stealth).
 43222 | Vaults:4 | Reached skill level 9 in Dodging
 43297 | Vaults:4 | 43297 ||| FLEEEEING.
 43299 | Vaults:4 | 43299 ||| FLEEEEING.
 43300 | Vaults:4 | 43300 ||| FLEEEEING.
 43301 | Vaults:4 | 43301 ||| FLEEEEING.
 43302 | Vaults:4 | 43302 ||| FLEEEEING.
 43303 | Vaults:4 | 43303 ||| FLEEEEING.
 43307 | Vaults:4 | 43307 ||| FLEEEEING.
 43308 | Vaults:4 | 43308 ||| FLEEEEING.
 43309 | Vaults:4 | 43309 ||| FLEEEEING.
 43310 | Vaults:4 | 43310 ||| FLEEEEING.
 43311 | Vaults:4 | 43311 ||| FLEEEEING.
 43312 | Vaults:4 | 43312 ||| FLEEEEING.
 43313 | Vaults:4 | 43313 ||| FLEEEEING.
 43314 | Vaults:4 | 43314 ||| FLEEEEING.
 43315 | Vaults:4 | 43315 ||| FLEEEEING.
 43316 | Vaults:4 | 43316 ||| FLEEEEING.
 43317 | Vaults:4 | 43317 ||| FLEEEEING.
 43318 | Vaults:4 | 43318 ||| FLEEEEING.
 43319 | Vaults:4 | 43319 ||| FLEEEEING.
 43320 | Vaults:4 | 43320 ||| FLEEEEING.
 43321 | Vaults:4 | 43321 ||| FLEEEEING.
 43322 | Vaults:4 | 43322 ||| FLEEEEING.
 43323 | Vaults:4 | 43323 ||| FLEEEEING.
 43333 | Vaults:4 | 43333 ||| Stepping ~*~*~tactically~*~*~ (hiding).
 43334 | Vaults:4 | 43334 ||| FLEEEEING.
 43336 | Vaults:4 | 43336 ||| Stepping ~*~*~tactically~*~*~ (hiding).
 43338 | Vaults:4 | 43338 ||| INVOKING Heroism.
 43339 | Vaults:4 | Paralysed by a great orb of eyes for 5 turns
 43694 | Vaults:4 | Noticed Zenata
 43695 | Vaults:4 | 43695 ||| Stepping ~*~*~tactically~*~*~ (hiding).
 43700 | Vaults:4 | 43700 ||| INVOKING Heroism.
 43701 | Vaults:4 | 43701 ||| INVOKING Finesse.
 43711 | Vaults:4 | Killed Zenata
 43725 | Vaults:4 | 43725 ||| Stepping ~*~*~tactically~*~*~ (hiding).
 43745 | Vaults:4 | 43745 ||| Stepping ~*~*~tactically~*~*~ (hiding).
 43746 | Vaults:4 | 43746 ||| Stepping ~*~*~tactically~*~*~ (hiding).
 44075 | Vaults:4 | 44075 ||| PLANNING SWAMP:4
 44075 | Vaults:4 | 44075 ||| DROPPING +0 pair of boots of rampaging.
 44456 | Swamp:4  | Entered Level 4 of the Swamp
 44462 | Swamp:4  | 44462 ||| Stepping ~*~*~tactically~*~*~ (hiding).
 44609 | Swamp:4  | Identified the +3 chain mail of Mirth {Will++ Regen+ Int+4
                  | Dex-5} (Okawaru gifted it to you on level 4 of the Swamp)
 44609 | Swamp:4  | Received a gift from Okawaru
 44612 | Swamp:4  | 44612 ||| INVOKING Heroism.
 44647 | Swamp:4  | HP: 28/134 [nine-headed hydra (9)]
 44648 | Swamp:4  | 44648 ||| READING 2 scrolls of teleportation.
 44648 | Swamp:4  | HP: 5/134 [nine-headed hydra (9)]
 44648 | Swamp:4  | HP: 2/134 [nine-headed hydra (3)]
 44648 | Swamp:4  | Mangled by a 13-headed hydra

Levels and vault maps discovered:
D:1:      lightli_arrival_noodles, layout_basic, basic_ecumenical_altar,
          minmay_tall_x
D:2:      layout_basic, st_stairs_14
D:3:      layout_loops_ring, gup_sewer_entry_bowl, grunt_decor_clamped,
          minivault_14, chequers_arboretum
D:4:      minmay_opposing_rooms, layout_basic, serial_curves, eino_curves_02,
          eino_curves_02, eino_curves_04, eino_curves_03, minmay_joined_circles
D:5:      wander_river, layout_loops_corners,
          mainiacjoe_overflow_catch_the_wave, minmay_temple_entry_butterflies
D:6:      layout_loops_corners, kennysheep_small_spiral,
          minmay_manual_mandibuliform
D:7:      layout_gridville, uniq_duvessa, uniq_pikel
D:8:      layout_loops_ring, dpeg_oklobed_lair, minmay_chambers_of_fives,
          uniq_psyche
D:9:      layout_loops_ring, serial_bayou_pond_e
D:10:     layout_basic, uniq_sonja
D:11:     layout_roguey, erik_orc_3, portal_ice_cave_entry_pillars_2,
          enter_trove_1
D:12:     gammafunk_worm_tunnel, layout_irregular_city, nicolae_diode_quadrants
D:13:     layout_loops_ring, erik_vaults_1, einodemon_crawler_minivault
D:14:     layout_basic, serial_shops, shop, kennysheep_mini, shop, uniq_frances
D:15:     grunt_enter_depths_giant_problem, layout_rooms,
          kiku_gazebo_garden_becter, minmay_misc_feat_square,
          amcnicky_mini_rare_corridor_liquid, uniq_louise
Temple:   mainiacjoe_temple_big_plus
Lair:1:   layout_cave_pods, gauntlet_entry_generic,
          grunt_forest_large_clearings, grunt_megastairs_1, uniq_amaemon
Lair:2:   layout_cave_pods, spider_nest_entry_a
Lair:3:   layout_layer_cave, minmay_swamp_entry_wisps,
          grunt_forest_small_clearing_treed, serial_bayou_shore_a,
          grunt_megastairs_3
Lair:4:   layout_hall_layers, grunt_megastairs_5, uniq_snorg
Lair:5:   evilmike_catoblepas_cave, layout_misc_corridors,
          minmay_slime_entry_oklob_open, nicolae_quartered_pool_little,
          st_stairs_4, grunt_megastairs_2
Swamp:1:  layout_basic_swamp, evilmike_swamp_ruin_house_3
Swamp:2:  layout_basic_swamp, evilmike_swamp_ruin_house_5
Swamp:3:  layout_basic_swamp, evilmike_swamp_ruin_house_1, uniq_roxanne,
          uniq_aizul
Swamp:4:  swamp_alternative, layout_basic_swamp
Spider:1: nicolae_spider_hilbert_zone_3 [nicolae_spider_hilbert_4_sides_2_open,
          nicolae_spider_hilbert_3_sides_1_open,
          nicolae_spider_hilbert_3_sides_1_open,
          nicolae_spider_hilbert_3_sides_1_open,
          nicolae_spider_hilbert_3_sides_1_open,
          nicolae_spider_hilbert_4_sides_1_open,
          nicolae_spider_hilbert_4_sides_1_open,
          nicolae_spider_hilbert_4_sides_1_open,
          nicolae_spider_hilbert_4_sides_1_open,
          nicolae_spider_hilbert_4_sides_1_open,
          nicolae_spider_hilbert_4_sides_1_open,
          nicolae_spider_hilbert_4_sides_1_open,
          nicolae_spider_hilbert_4_sides_1_open,
          nicolae_spider_hilbert_3_sides_1_open,
          nicolae_spider_hilbert_3_sides_1_open,
          nicolae_spider_hilbert_3_sides_1_open,
          nicolae_spider_hilbert_3_sides_1_open]
Spider:2: layout_spider_delve
Spider:3: cheibrodos_spider_deadly_dance
Spider:4: guppyfry_spider_rune, drop_trap
Orc:1:    layout_caves, ebering_ghost_disaster_area
Orc:2:    st_orc_rangers, layout_caves
Vaults:1: nicolae_vaults_sealed_display, hangedman_vaults_stream,
          v_alt_pattern_1, st_quartered_hall, ontoclasm_vaults_misaligned,
          v_misc_26, nicolae_vaults_network_s, grunt_vaults_focal,
          hangedman_vaults_cutoff, vaults_room_door_ring,
          layout_vaults_big_cross, uniq_saint_roka
Vaults:2: vaults_standard_mumra_enter_the_diamond,
          minmay_crypt_entry_simple_plaza, grunt_vaults_hallway_short,
          st_smaller_cells, v_misc_12, v_misc_2, vaults_dpeg_emergency_exit,
          v_alt_pattern_1, hangedman_vaults_stretched_pinwheel, v_misc_3,
          layout_vaults_big_room
Vaults:3: vaults_dpeg_doors, gammafunk_sealed_arena, grunt_vaults_hallway_short,
          vaults_room_large_hall, hangedman_vaults_river_flow,
          hangedman_vaults_unwind, hangedman_vaults_nails, vaults_dpeg_ring,
          grunt_vaults_hallway_long, vaults_room_semicircle,
          layout_vaults_omnigrid, uniq_bai_suzhen
Vaults:4: v_pattern_4, vaults_room_large_hall, hangedman_vaults_restitches,
          nicolae_vaults_network_barrier, ontoclasm_vaults_ligature,
          v_alt_pattern_3, nicolae_vaults_ring_of_whatevers,
          nicolae_vaults_quartermaster, vaults_mumra_hexcomb,
          nicolae_vaults_little_ls, hangedman_vaults_locks,
          ontoclasm_vaults_chip, grunt_vaults_bifocal, ontoclasm_vaults_idyll,
          nicolae_vaults_circle_grid_a, layout_vaults_omnibox, uniq_zenata

Skill      XL: |  1  2  3  4  5  6  7  8  9 10 11 12 13 14 15 16 17 18 19 20 |
---------------+-------------------------------------------------------------+-----
Axes           | 2 3 4 5 7 8 9 10 11 13 15 16 17 18 | 18.0
Fighting       | 4 5 7 8 9 10 11 12 13 15 16 17 | 17.0
Dodging        | 2 4 5 8 9 |  9.0
Invocations    | 1 4 8 10 | 10.0
Throwing       | 1 3 5 6 8 9 |  9.1
Armour         | 4 6 7 8 9 10 11 12 14 16 | 16.0
Shields        | 4 5 6 7 8 10 16 17 18 19 | 19.3

Action                   |  1- 3 |  4- 6 |  7- 9 | 10-12 | 13-15 | 16-18 | 19-21 || total
-------------------------+-------+-------+-------+-------+-------+-------+-------++-------
Melee: War axe           |   105 |   214 |   349 |   379 |       |       |       ||  1047
       Broad axe         |       |       |       |    43 |   843 |   839 |   521 ||  2246
       Demon whip        |       |       |       |     5 |    55 |    25 |       ||    85
Throw: Boomerang         |       |       |    28 |    69 |    99 |    64 |     7 ||   267
       Javelin           |       |       |       |       |    62 |   106 |    58 ||   226
Invok: Heroism           |       |       |     9 |    26 |    37 |    51 |    22 ||   145
       Finesse           |       |       |       |     3 |    16 |     8 |     6 ||    33
  Use: Scroll            |     5 |     6 |    14 |     5 |     7 |     6 |     2 ||    45
       Potion            |     1 |     2 |     1 |     2 |     2 |     7 |     2 ||    17
 Stab: Distracted        |       |       |       |       |     4 |    10 |    13 ||    27
Armor: Scale mail        |    48 |    92 |     6 |       |       |       |       ||   146
       Chain mail        |       |       |   177 |       |       |       |       ||   177
       Plate armour      |       |       |    59 |   246 |   308 |   301 |   164 ||  1078
Dodge: Dodged            |    49 |   101 |   138 |   138 |   205 |   169 |   150 ||   950
       Repelled          |       |       |       |       |       |       |     1 ||     1
Block: Buckler           |    19 |    33 |    76 |   145 |   343 |       |       ||   616
       Reflection        |       |       |       |       |    25 |   110 |    24 ||   159
       Kite shield       |       |       |       |       |    51 |       |       ||    51
       Tower shield      |       |       |       |       |     1 |   927 |   467 ||  1395

Table legend:
 A = Non-vault XP
 B = Vault XP
 C = Vault XP percentage of total XP
 D = Non-vault monster count
 E = Vault monster count
 F = Vault count percentage of total count
                 A         B        C        D         E       F
            +---------+---------+-------+---------+---------+-------
      Total |  270870 |  190844 |  41.3 |     872 |     396 |  31.2
            +---------+---------+-------+---------+---------+-------
        D:1 |      65 |       7 |   9.7 |      31 |       4 |  11.4
        D:2 |      57 |       2 |   3.4 |      18 |       1 |   5.3
        D:3 |      27 |       4 |  12.9 |      13 |       2 |  13.3
        D:4 |     333 |     214 |  39.1 |      17 |      26 |  60.5
        D:5 |     449 |       0 |   0.0 |      20 |       0 |   0.0
        D:6 |     797 |     398 |  33.3 |      23 |       5 |  17.9
        D:7 |     921 |     843 |  47.8 |      18 |       3 |  14.3
        D:8 |    2913 |    1615 |  35.7 |      25 |       6 |  19.4
        D:9 |    3503 |       0 |   0.0 |      25 |       0 |   0.0
       D:10 |    4100 |     493 |  10.7 |      22 |       1 |   4.3
       D:11 |    3776 |     508 |  11.9 |      28 |      15 |  34.9
       D:12 |    3639 |       0 |   0.0 |      13 |       0 |   0.0
       D:13 |    8923 |    3776 |  29.7 |      22 |       7 |  24.1
       D:14 |    8883 |    1505 |  14.5 |      22 |       1 |   4.3
       D:15 |   10922 |    2260 |  17.1 |      28 |       2 |   6.7
     Lair:1 |    6501 |    4673 |  41.8 |      18 |      29 |  61.7
     Lair:2 |    4454 |     586 |  11.6 |      22 |       3 |  12.0
     Lair:3 |    5631 |     752 |  11.8 |      26 |       2 |   7.1
     Lair:4 |    9715 |    1967 |  16.8 |      29 |       3 |   9.4
     Lair:5 |   16149 |   17045 |  51.3 |      56 |      40 |  41.7
    Swamp:1 |   11533 |       0 |   0.0 |      21 |       0 |   0.0
    Swamp:2 |   12053 |       0 |   0.0 |      26 |       0 |   0.0
    Swamp:3 |   10547 |    1275 |  10.8 |      22 |       1 |   4.3
    Swamp:4 |    7838 |    6154 |  44.0 |      12 |       8 |  40.0
   Spider:1 |   15822 |   10291 |  39.4 |      40 |      14 |  25.9
   Spider:2 |    6378 |       0 |   0.0 |      16 |       0 |   0.0
   Spider:3 |   12297 |       0 |   0.0 |      32 |       0 |   0.0
   Spider:4 |   16147 |   25554 |  61.3 |      37 |      40 |  51.9
      Orc:1 |    3893 |       0 |   0.0 |      23 |       0 |   0.0
      Orc:2 |    6745 |    5797 |  46.2 |      44 |      41 |  48.2
   Vaults:1 |   28216 |   24493 |  46.5 |      44 |      44 |  50.0
   Vaults:2 |    8016 |   26883 |  77.0 |      16 |      36 |  69.2
   Vaults:3 |   15414 |   16358 |  51.5 |      26 |      16 |  38.1
   Vaults:4 |   24213 |   37391 |  60.7 |      37 |      46 |  55.4
            +---------+---------+-------+---------+---------+-------
